 Dungeon Crawl Stone Soup version 0.32-a0-536-ge1f55a6 (webtiles) character file.

Game seed: 2043273275752573965

3897385 jagoly the Fallen Oni (level 27, 169/323 HPs)
             Began as an Oni Fighter on Feb 27, 2024.
             Was a Priest of Yredelemnul.
             Escaped with the Orb
             ... and 5 runes
             ... and 2 gems (1 intact) on Feb 28, 2024!
             The game lasted 07:08:05 (56738 turns).

jagoly the Fallen Oni (Oni Fighter)                Turns: 56738, Time: 07:08:06

Health: 169/323    AC: 30    Str: 41    XL:     27
Magic:  40/40      EV: 21    Int: 17    God:    Yredelemnul [***...]
Gold:   5636       SH: 17    Dex: 25    Spells: 15/26 levels left

rFire   + + .        a - +9 demon trident (vamp)
rCold   + . .        c - +1 kite shield of Sunlight {Str+3}
rNeg    + . .        f - +7 pearl dragon scales
rPois   +            V - +3 crown of Dyrovepreva {rElec Int+2 SInv}
rElec   +            I - +1 cloak of Youthful Indiscretion {rCorr Str+2}
rCorr   +            (gloves unavailable)
SInv    +            (boots unavailable)
Will    ++...        x - amulet of Vitality {RegenMP++ Regen++}
Stlth   +            t - ring of Peace {rC+ Str+4 Int+6 Dex+5}
HPRegen 0.73/turn    O - ring "Wucah" {rPois rF++ Dex+6}
MPRegen 1.07/turn

%: no passive effects
@: wreathed by umbra, studying 3 skills
A: large, unfitting armour, horns 1, tough skin 1, double potion healing,
drunken brawling
0: Orb of Zot
}: 5/15 runes: barnacled, slimy, silver, abyssal, gossamer
a: Renounce Religion, Light the Black Torch, Recall Undead Harvest, Hurl
Torchlight


You escaped.
You worshipped Yredelemnul.
Yredelemnul was exalted by your worship.
You visited 11 branches of the dungeon, and saw 53 of its levels.
You visited the Abyss 3 times.
You visited 1 ziggurat, and saw 10 of its levels.
You also visited: Trove, Ice Cave, Volcano, Wizlab and Desolation.

You collected 8392 gold pieces.
You spent 2756 gold pieces at shops.

Inventory:

Hand Weapons
 a - a +9 vampiric demon trident (weapon)
 F - the +1 eveningstar "Brilliance" {foul flame, Umbra}
   (You found it on level 4 of a ziggurat)

   Umbra:     It surrounds you with an aura of shadow, increasing your stealth
   and reducing the accuracy of all others within it.
Missiles
 e - 14 javelins
 h - 87 large rocks
 y - 19 silver javelins
 A - 3 curare-tipped darts
 P - 52 boomerangs (quivered)
 R - 2 throwing nets
Armour
 c - the +1 kite shield of Sunlight (worn) {Str+3}
   (You bought it in a shop on level 1 of the Shoals)

   Str+3:     It affects your strength (+3).
 f - +7 pearl dragon scales (worn)
 I - the +1 cloak of Youthful Indiscretion (worn) {rCorr Str+2}
   (You found it on level 1 of the Crypt)

   Str+2:     It affects your strength (+2).
   rCorr:     It protects you from acid and corrosion.
 V - the +3 crown of Dyrovepreva (worn) {rElec Int+2 SInv}
   (You found it on level 3 of the Crypt)

   Int+2:     It affects your intelligence (+2).
   rElec:     It insulates you from electricity.
   SInv:      It lets you see invisible.
Jewellery
 b - the ring of the Sturgeon {Fly Will++ Int+2}
   (You found it in a wizard's laboratory)

   [ring of flight]

   Int+2:     It affects your intelligence (+2).
   Will++:    It greatly increases your willpower.
   Fly:       It grants you flight.
 l - the ring "Agamn" {rN+ Will+++ Dex+6}
   (You found it on level 4 of the Depths)

   [ring of dexterity]

   Dex+6:     It affects your dexterity (+6).
   rN+:       It protects you from negative energy.
   Will+++:   It greatly increases your willpower.
 t - the ring of Peace (left hand) {rC+ Str+4 Int+6 Dex+5}
   (You found it in the Desolation of Salt)

   [ring of intelligence]

   Str+4:     It affects your strength (+4).
   Int+6:     It affects your intelligence (+6).
   Dex+5:     It affects your dexterity (+5).
   rC+:       It protects you from cold.
 x - the amulet of Vitality (around neck) {RegenMP++ Regen++}
   (You found it in a treasure trove)

   [amulet of magic regeneration]

   RegenMP:   It increases your rate of magic regeneration.
   Regen++:   It increases your rate of health regeneration.
 E - the ring of Qihiak {rPois rN+ Dex+6 Stlth+}
   (You found it on level 4 of a ziggurat)

   [ring of dexterity]

   Dex+6:     It affects your dexterity (+6).
   rPois:     It protects you from poison rN+: It protects you from negative
   energy.
   Stlth+:    It makes you more stealthy.
 M - an amulet of faith
 O - the ring "Wucah" (right hand) {rPois rF++ Dex+6}
   (You took it off a ragged hierophant in the Desolation of Salt)

   [ring of dexterity]

   Dex+6:     It affects your dexterity (+6).
   rF++:      It greatly protects you from fire.
   rPois:     It protects you from poison
Wands
 m - a wand of digging (36)
 u - a wand of mindburst (58)
 Q - a wand of quicksilver (26)
 X - a wand of warping (42)
 Z - a wand of charming (65)
Scrolls
 n - 6 scrolls of fear
 q - 21 scrolls of teleportation
 r - 6 scrolls of immolation
 v - 2 scrolls of butterflies
 C - 5 scrolls of poison
 H - 5 scrolls of fog
 J - 2 scrolls of silence
 L - 7 scrolls of enchant weapon
 N - 8 scrolls of vulnerability
 S - 10 scrolls of blinking
 T - 10 scrolls of brand weapon
 W - 3 scrolls of revelation
Potions
 g - 15 potions of curing
 i - 7 potions of heal wounds
 j - 2 potions of cancellation
 k - 3 potions of magic
 o - 11 potions of ambrosia
 p - 9 potions of mutation
 w - 6 potions of invisibility
 z - 4 potions of enlightenment
 K - 6 potions of resistance
 U - 14 potions of might
 Y - 8 potions of haste
Miscellaneous
 d - a phantom mirror
 s - a lightning rod (4/4)
 B - a phial of floods
 D - a box of beasts
 G - a tin of tremorstones (2/2)


   Skills:
 O Level 27 Fighting
 - Level 14.0 Polearms
 + Level 22.5 Throwing
 - Level 16.0 Armour
 - Level 16.0 Dodging
 - Level 2.0 Stealth
 - Level 16.0 Shields
 - Level 10.0 Translocations
 O Level 27 Invocations
 - Level 8.0 Evocations


You had 15 spell levels left.
You knew the following spells:

 Your Spells              Type           Power      Damage    Failure   Level
a - Dimensional Bullseye  Hex/Tloc       8%         N/A       50%         4
q - Apportation           Tloc           68%        N/A       1%          1
A - Manifold Assault      Tloc           34%        N/A       8%          4
B - Blink                 Tloc           68%        N/A       1%          2

Your spell library contained the following spells:

 Spells                   Type           Power      Damage    Failure   Level
 Gell's Gravitas          Tloc           34%        N/A       2%          3
 Teleport Other           Tloc           34%        N/A       2%          3
 Passage of Golubria      Tloc           34%        N/A       8%          4
 Volatile Blastmotes      Fire/Tloc      34%        2d12      17%         3
 Magic Dart               Conj           0%         1d3       41%         1
 Necrotise                Necr           0%         1d4       41%         1
 Sandblast                Erth           0%         2d4       41%         1
 Shock                    Conj/Air       0%         1d3       41%         1
 Slow                     Hex            0%         N/A       41%         1
 Sting                    Conj/Alch      0%         1d3       41%         1
 Summon Small Mammal      Summ           0%         N/A       41%         1
 Iskenderun's Mystic Bla  Conj/Tloc      17%        2d5       50%         4
 Vhi's Electric Charge    Tloc/Air       34%        N/A       50%         4
 Call Imp                 Summ           0%         N/A       56%         2
 Cigotuvi's Dreadful Rot  Necr/Alch/Air  0%         N/A       56%         2
 Ensorcelled Hibernation  Hex/Ice        0%         N/A       56%         2
 Mercury Vapours          Alch/Air       0%         N/A       56%         2
 Scorch                   Fire           0%         2d5       56%         2
 Sublimation of Blood     Necr           0%         N/A       56%         2
 Dispersal                Tloc           17%        N/A       75%         6
 Call Canine Familiar     Summ           0%         N/A       80%         3
 Confusing Touch          Hex            0%         N/A       80%         3
 Fugue of the Fallen      Necr           0%         N/A       80%         3
 Hailstorm                Conj/Ice       0%         3d5       80%         3
 Inner Flame              Hex/Fire       0%         N/A       80%         3
 Mephitic Cloud           Conj/Alch/Air  0%         N/A       80%         3
 Passwall                 Erth           0%         N/A       80%         3
 Sigil of Binding         Hex            0%         N/A       80%         3
 Stone Arrow              Conj/Erth      0%         3d7       80%         3
 Summon Ice Beast         Ice/Summ       0%         N/A       80%         3
 Swiftness                Air            0%         N/A       80%         3
 Tukima's Dance           Hex            0%         N/A       80%         3
 Vampiric Draining        Necr           0%         2d6       80%         3
 Airstrike                Air            0%         2d(0-16)  99%         4
 Anguish                  Hex/Necr       0%         N/A       99%         4
 Animate Armour           Summ/Erth      0%         N/A       99%         4
 Brom's Barrelling Bould  Conj/Erth      0%         2d3       99%         4
 Cause Fear               Hex            0%         N/A       99%         4
 Dispel Undead            Necr           0%         3d6       99%         4
 Flame Wave               Conj/Fire      0%         2d4       99%         4
 Fulminant Prism          Conj/Alch      0%         3d5       99%         4
 Ignite Poison            Fire/Alch      0%         N/A       99%         4
 Leda's Liquefaction      Alch/Erth      0%         N/A       99%         4
 Martyr's Knell           Necr/Summ      0%         N/A       99%         4
 Olgreb's Toxic Radiance  Alch           0%         N/A       99%         4
 Petrify                  Alch/Erth      0%         N/A       99%         4
 Sticky Flame             Fire/Alch      0%         2d4       99%         4
 Alistair's Intoxication  Alch           0%         N/A       100%        5
 Arcjolt                  Conj/Air       0%         1d10      100%        5
 Borgnjor's Vile Clutch   Necr/Erth      0%         N/A       100%        5
 Curse of Agony           Necr           0%         N/A       100%        5
 Fireball                 Conj/Fire      0%         3d3       100%        5
 Freezing Cloud           Conj/Ice/Air   0%         6-21      100%        5
 Irradiate                Conj/Alch      0%         3d11      100%        5
 Iskenderun's Battlesphe  Conj           0%         2d6       100%        5
 Lee's Rapid Deconstruct  Erth           0%         3d4*      100%        5
 Bombard                  Conj/Erth      0%         9d1       100%        6
 Conjure Ball Lightning   Conj/Air       0%         3x3d6     100%        6
 Eringya's Noxious Bog    Alch           0%         4d6       100%        6
 Plasma Beam              Fire/Air       0%         2x1d10    100%        6
 Sculpt Simulacrum        Ice/Alch       0%         N/A       100%        6
 Summon Cactus Giant      Summ           0%         N/A       100%        6
 Haunt                    Necr/Summ      0%         N/A       100%        7
 Malign Gateway           Summ/Tloc      8%         N/A       100%        7
 Orb of Destruction       Conj           0%         9d5       100%        7
 Ozocubu's Refrigeration  Ice            0%         4d7       100%        7
 Spellforged Servitor     Conj/Summ      0%         N/A       100%        7
 Summon Hydra             Summ           0%         N/A       100%        7
 Borgnjor's Revivificati  Necr           0%         N/A       100%        8
 Discord                  Hex            0%         N/A       100%        8
 Ignition                 Fire           0%         3d3       100%        8
 Lehudib's Crystal Spear  Conj/Erth      0%         10d2      100%        8
 Summon Horrible Things   Summ           0%         N/A       100%        8
 Chain Lightning          Conj/Air       0%         N/A       100%        9
 Death's Door             Necr           0%         N/A       100%        9
 Dragon's Call            Summ           0%         N/A       100%        9
 Fire Storm               Conj/Fire      0%         5d1       100%        9
 Shatter                  Erth           0%         3d5*      100%        9
 Death Channel            Necr           Unusable   N/A       N/A         6

Dungeon Overview and Level Annotations

Branches:
Dungeon (15/15)            Temple (1/1) D:6            Lair (5/5) D:11
 Shoals (4/4) Lair:3       Spider (4/4) Lair:3        Slime (5/5) Lair:5
    Orc (2/2) D:10            Elf (0/3) Orc:2        Vaults (5/5) D:14
  Crypt (3/3) Vaults:2       Tomb (0/3) Crypt:3      Depths (4/4) D:15
    Zot (5/5) Depths:4      IceCv (visited)         Volcano (visited)
 WizLab (visited)         Desolation (visited)

Altars:
Ashenzari
Cheibriados
Dithmenos
Elyvilon
Fedhas
Gozag
Hepliaklqana
Kikubaaqudgha
Makhleb
Nemelex Xobeh
Okawaru
Qazlal
Ru
Sif Muna
Trog
Uskayaw
Vehumet
Wu Jian
Xom
Yredelemnul
Zin
The Shining One

Shops:
D:3 ?   D:6 :   Orc:1 (   Orc:2 *[=(?   Shoals:1 [   Depths:1 :[[
Depths:2 *[(:   Depths:3 !   Depths:4 =::

Portals:
Hell: Depths:1 Depths:2 Depths:3 Depths:4
Abyss: Depths:1 Depths:3 Depths:4
Pandemonium: Depths:2


Innate Abilities, Weirdness & Mutations

You are too large for most types of armour.
You have a pair of small horns on your head.
You have tough skin. (AC +1)
You gain doubled healing and magic from potions.
Whenever you drink a healing potion, you attack all around you.


Message History

There is a stone staircase leading down here.
HP restored.
A soul eater comes into view.
You impale the soul eater!!
You headbutt the soul eater, but do no damage.
The soul eater is moderately wounded.
You impale the soul eater!!
You headbutt the soul eater, but do no damage.
The soul eater is severely wounded.
You block the soul eater's attack.
You impale the soul eater!!
You kill the soul eater!
A black mist starts to gather...
No target in view!
What level of the Dungeon? (default 1, ? - help)
There is a stone staircase leading up here.
You climb upwards.
Your mindless puppet stays behind to rot.
There is a stone staircase leading down here.
A large abomination comes into view.
An orange demon comes into view.
The orange demon screeches!
You reach to attack!
You hit the large abomination but do no damage.
Yfrepsotu comes into view.
You reach to attack!
You barely miss the large abomination. You impale the large abomination!!
You headbutt the large abomination!
The large abomination is severely damaged.
You barely miss the large abomination.
You headbutt the large abomination, but do no damage.
The large abomination is severely damaged.
You block the large abomination's attack.
You impale the large abomination!!
You destroy the large abomination!
You hit Yfrepsotu but do no damage. Your headbutt misses Yfrepsotu.
Yfrepsotu closely misses you.
You closely miss Yfrepsotu. Your headbutt misses Yfrepsotu.
You block Yfrepsotu's attack.
You puncture Yfrepsotu! Your headbutt misses Yfrepsotu.
Yfrepsotu is lightly wounded.
Yfrepsotu tramples you!
You stumble backwards!
You puncture Yfrepsotu!
Yfrepsotu is lightly wounded.
You block Yfrepsotu's attack.
You completely miss Yfrepsotu. You headbutt Yfrepsotu.
Yfrepsotu is lightly wounded.
You block the orange demon's attack.
You barely miss Yfrepsotu. Your headbutt misses Yfrepsotu.
Yfrepsotu is lightly wounded.
You block Yfrepsotu's attack. You block the orange demon's attack.
You completely miss Yfrepsotu. Your headbutt misses Yfrepsotu.
Yfrepsotu is lightly wounded.
Yfrepsotu misses you.
You impale Yfrepsotu!!
Yfrepsotu is moderately wounded.
Yfrepsotu tramples you but does no damage.
The orange demon stings you from afar.
You miss Yfrepsotu.
Yfrepsotu is moderately wounded.
Yfrepsotu tramples you!!
You hold your ground!
You impale Yfrepsotu!!
Yfrepsotu is moderately wounded.
You block the orange demon's attack. Yfrepsotu misses you.
Press: ? - help, v - describe, . - travel
Here: Yfrepsotu (moderately wounded, umbra)
The floor.
Unknown command.
Okay, then.
Press: ? - help, v - describe, . - travel
Here: Yfrepsotu (moderately wounded, umbra)
The floor.
Unknown command.
Throw: 87 large rocks
Press: ? - help, Shift-Dir - straight line, f - orange demon
Aim: an orange demon (umbra, 84% to hit)
You throw a large rock. The large rock misses Yfrepsotu.
The large rock hits the orange demon!!
The orange demon is heavily wounded.
You block Yfrepsotu's attack.
The orange demon stings you but does no damage.
Throw: 86 large rocks
Press: ? - help, Shift-Dir - straight line, f/p - orange demon
Aim: an orange demon (heavily wounded, umbra, 84% to hit)
You throw a large rock.
The large rock completely misses Yfrepsotu.
The large rock hits the orange demon!!!!
You kill the orange demon!
With your torch unlit, their soul goes wasted...
Yfrepsotu tramples you!!
You hold your ground!
Yfrepsotu tramples you!
You stumble backwards!
You feel your dexterity returning.
Throw: 85 large rocks
Press: ? - help, Shift-Dir - straight line, f - Yfrepsotu
Aim: Yfrepsotu (moderately wounded, umbra, 50% to hit)
You throw a large rock.
The large rock completely misses Yfrepsotu.
Yfrepsotu tramples you!
You stumble backwards!
Throw: 84 large rocks
Press: ? - help, Shift-Dir - straight line, f/p - Yfrepsotu
Aim: Yfrepsotu (moderately wounded, umbra, 50% to hit)
You throw a large rock. The large rock misses Yfrepsotu.
Yfrepsotu tramples you!
You stumble backwards!
Your spectral orange demon is recalled.
Tiamat is recalled.
Yfrepsotu tramples you!!
You hold your ground!
Yfrepsotu misses you.
You miss Yfrepsotu. Your headbutt misses Yfrepsotu.
Yfrepsotu is moderately wounded.
Tiamat completely misses Yfrepsotu.
You block Yfrepsotu's attack.
You impale Yfrepsotu!! Your headbutt misses Yfrepsotu.
Yfrepsotu is moderately wounded.
Your spectral orange demon barely misses Yfrepsotu.
Your spectral orange demon hits Yfrepsotu but does no damage.
Tiamat closely misses Yfrepsotu.
You block Yfrepsotu's attack.
You completely miss Yfrepsotu. Your headbutt misses Yfrepsotu.
Yfrepsotu is moderately wounded.
You closely miss Yfrepsotu.
Yfrepsotu is moderately wounded.
You block Yfrepsotu's attack.
Your spectral orange demon completely misses Yfrepsotu. x2
Tiamat hits Yfrepsotu from afar with a +2 demon trident of flaming.
Tiamat burns Yfrepsotu.
You miss Yfrepsotu.
Yfrepsotu is moderately wounded.
Yfrepsotu completely misses you.
Your spectral orange demon misses Yfrepsotu.
Your spectral orange demon completely misses Yfrepsotu.
Tiamat completely misses Yfrepsotu.
Throw: 83 large rocks
Press: ? - help, Shift-Dir - straight line, f/p - Yfrepsotu
Aim: Yfrepsotu (moderately wounded, ally target, umbra, 50% to hit)
You throw a large rock. The large rock hits Yfrepsotu!!!!
Yfrepsotu is severely wounded.
Yfrepsotu tramples you but does no damage.
Your spectral orange demon completely misses Yfrepsotu.
Your spectral orange demon closely misses Yfrepsotu.
Tiamat hits Yfrepsotu from afar with a +2 demon trident of flaming!!!
Tiamat burns Yfrepsotu!
That's the wrong kind of item! (Use * to select it.) Fire/throw/use which item? ([*] to toss any item) (? for menu, Esc to quit)
Okay, then.
Throw: 82 large rocks
Press: ? - help, Shift-Dir - straight line, f/p - Yfrepsotu
Aim: Yfrepsotu (almost dead, ally target, umbra, 50% to hit)
You throw a large rock.
The large rock hits Yfrepsotu but does no damage.
Yfrepsotu is almost dead.
You block Yfrepsotu's attack. Yfrepsotu tramples you!!!
You hold your ground!
Throw: 81 large rocks
Press: ? - help, Shift-Dir - straight line, f/p - Yfrepsotu
Aim: Yfrepsotu (almost dead, ally target, umbra, 50% to hit)
You throw a large rock. The large rock misses Yfrepsotu.
Your spectral orange demon hits Yfrepsotu.
Your spectral orange demon completely misses Yfrepsotu.
Tiamat misses Yfrepsotu.
Yfrepsotu tramples you but does no damage.
Throw: 80 large rocks
Press: ? - help, Shift-Dir - straight line, f/p - Yfrepsotu
Aim: Yfrepsotu (almost dead, ally target, umbra, 50% to hit)
You throw a large rock. The large rock hits Yfrepsotu!
Yfrepsotu is almost dead.
Yfrepsotu tramples you but does no damage.
Your spectral orange demon completely misses Yfrepsotu.
Your spectral orange demon closely misses Yfrepsotu.
Tiamat hits Yfrepsotu from afar with a +2 demon trident of flaming!!
Tiamat burns Yfrepsotu.
Yfrepsotu dies!
With your torch unlit, their soul goes wasted...
h - 83 large rocks (gained 4)
h - 84 large rocks (gained 1)
h - 85 large rocks (gained 1)
h - 87 large rocks (gained 2)
There is a stone staircase leading up here.
You climb upwards.
Your mindless puppet stays behind to rot.
There is a stone staircase leading down here.
What level of the Dungeon? (default 1, ? - help)
You swap places.
There is an open door here.
There is an open door here.
There is a stone staircase leading up here.
You climb upwards.
There is a stone staircase leading down here.
There is a stone staircase leading up here.
You climb upwards.
There is a stone staircase leading down here.
Tiamat shouts, "No mercy!
Kill them all!"
HP restored.
A Hell Sentinel comes into view.
There is a stone staircase leading up here.
You reach to attack!
You impale the Hell Sentinel!!
The Hell Sentinel is lightly wounded.
Tiamat barely misses the Hell Sentinel.
You reach to attack!
You puncture the Hell Sentinel!
The Hell Sentinel is moderately wounded.
Tiamat hits the Hell Sentinel with a +2 demon trident of flaming!
Tiamat tail-slaps the Hell Sentinel!!
You hit the Hell Sentinel but do no damage.
You headbutt the Hell Sentinel, but do no damage.
The Hell Sentinel is heavily wounded.
The Hell Sentinel gestures at you.
The sphere of damnation explodes!
The damnation engulfs you!!
The damnation engulfs Tiamat!
The damnation engulfs the Hell Sentinel.
The Hell Sentinel completely resists.
You hit the Hell Sentinel but do no damage.
You headbutt the Hell Sentinel, but do no damage.
The Hell Sentinel is heavily wounded.
Tiamat hits the Hell Sentinel with a +2 demon trident of flaming!!
Tiamat tail-slaps the Hell Sentinel but does no damage.
You hit the Hell Sentinel but do no damage.
You headbutt the Hell Sentinel.
The Hell Sentinel is severely wounded.
The Hell Sentinel closely misses you. x2
You hit the Hell Sentinel but do no damage.
You headbutt the Hell Sentinel, but do no damage.
The Hell Sentinel is severely wounded.
Tiamat hits the Hell Sentinel with a +2 demon trident of flaming!!!
Tiamat tail-slaps the Hell Sentinel!
A hellwing and 3 smoke demons come into view.
You hit the Hell Sentinel but do no damage.
You headbutt the Hell Sentinel, but do no damage.
The Hell Sentinel is almost dead.
The Hell Sentinel gestures at you.
The sphere of damnation explodes!
The damnation engulfs you!!
The damnation engulfs the smoke demon!!!
The smoke demon dies!
The damnation engulfs Tiamat!!
The damnation engulfs the Hell Sentinel.
The Hell Sentinel completely resists.
A black mist starts to gather...
Tiamat hits the Hell Sentinel with a +2 demon trident of flaming!!
The Hell Sentinel dies!
Your spectral smoke demon barely misses the hellwing.
Your spectral smoke demon closely misses the hellwing.
Your spectral smoke demon hits the hellwing but does no damage.
The hellwing hits your spectral smoke demon!
The hellwing hits your spectral smoke demon.
Your spectral smoke demon hits the hellwing but does no damage. x3
The hellwing hits your spectral smoke demon but does no damage.
The hellwing barely misses your spectral smoke demon.
The smoke demon gestures at you.
The ball of steam hits your spectral smoke demon!
The ball of steam hits you. You resist.
You reach to attack!
You hit the hellwing but do no damage.
You reach to attack!
You puncture the hellwing!
The hellwing is heavily wounded.
Your spectral smoke demon is engulfed in a cloud of scalding steam.
Your spectral smoke demon barely misses the smoke demon.
Your spectral smoke demon hits the smoke demon.
Your spectral smoke demon closely misses the smoke demon.
The hellwing hits your spectral smoke demon!
Your spectral smoke demon is destroyed!
You skewer the smoke demon like a kebab!!!
You kill the smoke demon!
A black mist starts to gather...
Tiamat barely misses the hellwing.
The hellwing swoops through the air toward you!
The hellwing barely misses you. You block the hellwing's attack.
The smoke demon gestures at you.
The ball of steam hits you but does no damage.
You hit the hellwing but do no damage.
You headbutt the hellwing, but do no damage.
The hellwing is heavily wounded.
You impale the hellwing!!
You kill the hellwing!
Tiamat breathes lightning at the smoke demon.
The bolt of lightning hits the smoke demon!! x2
The smoke demon dies!
A black mist starts to gather...
No target in view!
No target in view!
No target in view!
Press: ? - help, v - describe, . - travel The floor.
This square is wreathed by an umbra and is covered in magical glow.
You can't go up here!
What level of the Dungeon? (default 1, ? - help)
There is a stone staircase leading up here.
You climb upwards.
Your mindless puppet stays behind to rot.
There is a stone staircase leading down here.
HP restored.
An efreet comes into view.
It is wielding a +3 scimitar of flaming.
You swap places.
The efreet gestures at you.
The fireball explodes!
The fireball engulfs you. You resist.
The fireball engulfs Tiamat but does no damage.
You impale the efreet!! You headbutt the efreet!
You kill the efreet!
With your torch unlit, their soul goes wasted...
A black mist starts to gather...
No target in view!
No target in view!
What level of the Dungeon? (default 1, ? - help)
You swap places.
Your spectral efreet is engulfed in blazing flames.
No target in view!
Unknown command.
You swap places.
You swap places.
What level of the Dungeon? (default 1, ? - help)
You swap places.
You swap places.
A Tzitzimitl comes into view.
Tiamat breathes lightning at the Tzitzimitl.
The bolt of lightning hits the Tzitzimitl!!
The Tzitzimitl resists.
The Tzitzimitl calls on the powers of darkness!
Your body is wracked with pain!
You reach to attack!
You puncture the Tzitzimitl!
The Tzitzimitl is moderately wounded.
You reach to attack!
You closely miss the Tzitzimitl.
The Tzitzimitl is moderately wounded.
The Tzitzimitl calls on the powers of darkness!
Your body is wracked with pain!
* * * LOW HITPOINT WARNING * * *
You are too injured to fight recklessly!
Throw: 87 large rocks
Press: ? - help, Shift-Dir - straight line, f/p - Tzitzimitl
Aim: a Tzitzimitl (moderately wounded, ally target, umbra, 67% to hit)
You throw a large rock.
The large rock barely misses the Tzitzimitl.
Tiamat hits the Tzitzimitl from afar with a +2 demon trident of flaming.
Tiamat burns the Tzitzimitl.
Your spectral efreet misses the Tzitzimitl.
The Tzitzimitl calls on the powers of darkness!
Your body is wracked with pain!
* * * LOW HITPOINT WARNING * * *
Unknown command.
Unknown command.
Unknown command.
Unknown command.
Unknown command.
You take a swig of the potion and twirl your +9 vampiric demon trident.
You puncture the Tzitzimitl!
The Tzitzimitl is heavily wounded.
You savour every drop.
You feel much better.
Tiamat breathes lightning at the Tzitzimitl.
The bolt of lightning hits the Tzitzimitl!
The Tzitzimitl resists.
Your spectral efreet hits the Tzitzimitl but does no damage.
The Tzitzimitl engulfs your spectral efreet but does no damage.
The Tzitzimitl bites your spectral efreet but does no damage.
Unknown command.
Reach: a) +9 demon trident (vamp)
Press: ? - help, Dir - move target, f/p - Tzitzimitl
Aim: a Tzitzimitl (heavily wounded, not watching you, ally target, umbra, about 30% to evade your +9 vampiric demon trident)
You reach to attack!
You miss the Tzitzimitl.
The Tzitzimitl is heavily wounded.
Tiamat hits the Tzitzimitl from afar with a +2 demon trident of flaming!!
Tiamat burns the Tzitzimitl!
Unknown command.
Reach: a) +9 demon trident (vamp)
Press: ? - help, Dir - move target, f/p - Tzitzimitl
Aim: a Tzitzimitl (almost dead, ally target, umbra, about 30% to evade your +9 vampiric demon trident)
You reach to attack!
You hit the Tzitzimitl but do no damage.
The Tzitzimitl is almost dead.
Your spectral efreet hits the Tzitzimitl.
The Tzitzimitl calls on the powers of darkness!
Your body is wracked with pain!
* * * LOW HITPOINT WARNING * * *
Reach: a) +9 demon trident (vamp)
Press: ? - help, Dir - move target, f/p - Tzitzimitl
Aim: a Tzitzimitl (almost dead, not watching you, ally target, umbra, about 30% to evade your +9 vampiric demon trident)
You reach to attack!
You stick the Tzitzimitl like a pincushion!!!
You kill the Tzitzimitl!
With your torch unlit, their soul goes wasted...
A black mist starts to gather...
Cast which spell? (? or * to list)
Aiming: Apportation (safe; 1% risk of failure)
Press: ? - help, Dir - move target Apport: a large rock Yoink!
You pull the item towards yourself.
h - 87 large rocks (gained 1)
An Orb Guardian comes into view.
You swap places.
The Orb Guardian hits Tiamat!!!
Tiamat closely misses the Orb Guardian.
Tiamat barely misses the Orb Guardian.
You are too injured to fight recklessly!
You are too injured to fight recklessly!
You are too injured to fight recklessly!
You are too injured to fight recklessly!
You are too injured to fight recklessly!
Reach: a) +9 demon trident (vamp)
Press: ? - help, Dir - move target, f - Orb Guardian
Aim: an Orb Guardian (ally target, umbra, about 25% to evade your +9 vampiric demon trident)
You could not reach far enough!
The Orb Guardian misses Tiamat.
Reach: a) +9 demon trident (vamp)
Press: ? - help, Dir - move target, f/p - Orb Guardian
Aim: an Orb Guardian (ally target, umbra, about 25% to evade your +9 vampiric demon trident)
You could not reach far enough!
The Orb Guardian hits Tiamat!!
Tiamat hits the Orb Guardian with a +2 demon trident of flaming!!
Tiamat burns the Orb Guardian.
Tiamat tail-slaps the Orb Guardian.
Reach: a) +9 demon trident (vamp)
Press: ? - help, Dir - move target, f/p - Orb Guardian
Aim: an Orb Guardian (moderately wounded, ally target, umbra, about 25% to evade your +9 vampiric demon trident)
You could not reach far enough!
The Orb Guardian hits Tiamat!!
Tiamat breathes lightning at the Orb Guardian.
The bolt of lightning hits the Orb Guardian!!!
You hear a roar!
Reach: a) +9 demon trident (vamp)
Press: ? - help, Dir - move target, f/p - Orb Guardian
Aim: an Orb Guardian (severely wounded, not watching you, ally target, umbra, about 25% to evade your +9 vampiric demon trident)
You reach to attack!
You hit the Orb Guardian but do no damage.
The Orb Guardian is severely wounded.
The Orb Guardian hits Tiamat!!
Reach: a) +9 demon trident (vamp)
Press: ? - help, Dir - move target, f/p - Orb Guardian
Aim: an Orb Guardian (severely wounded, ally target, umbra, about 25% to evade your +9 vampiric demon trident)
You reach to attack!
You impale the Orb Guardian!!
You feel better.
You kill the Orb Guardian!
With your torch unlit, their soul goes wasted...
You swap places.
There is a staircase leading out of the dungeon here.
Activating: Fathomless Shackles (0% risk of failure)
Press: ? - help, Dir - look around, f - activate You call down Yredelemnul's inexorable grip.
You can no longer engulf your surroundings in Yredelemnul's grip.
Okay, then.
You start removing your amulet.
You continue removing the amulet of Vitality {RegenMP++ Regen++}. x3
Magic restored.
You continue removing the amulet of Vitality {RegenMP++ Regen++}.
You finish removing the amulet of Vitality {RegenMP++ Regen++}.
You start putting on your amulet.
You continue putting on your amulet of faith. x5
Tiamat hits the sixfirhy from afar with a +2 demon trident of flaming!!
Tiamat burns the sixfirhy!
The sixfirhy dies!
With your torch unlit, their soul goes wasted...
You finish putting on your amulet of faith.
You feel a surge of divine interest.
M - an amulet of faith (around neck) Unknown command.
You start removing your amulet.
You continue removing your amulet of faith. x4
You finish removing your amulet of faith.
Yredelemnul seems less interested in you.
You feel less pious.
You can no longer bind living souls.
You start putting on your amulet.
You continue putting on the amulet of Vitality {RegenMP++ Regen++}. x3
Tiamat hits the Hell Sentinel from afar with a +2 demon trident of flaming!!
The Hell Sentinel hits your spectral efreet!!
The Hell Sentinel hits your spectral efreet but does no damage.
Your spectral efreet hits the Hell Sentinel!
You continue putting on the amulet of Vitality {RegenMP++ Regen++}.
You lose your grip on the chains of life and death.
Tiamat barely misses the Hell Sentinel.
The Hell Sentinel hits your spectral efreet. x2
Your spectral efreet hits the Hell Sentinel but does no damage.
Your spectral Tzitzimitl barely misses the Hell Sentinel.
Your spectral Tzitzimitl bites the Hell Sentinel.
You continue putting on the amulet of Vitality {RegenMP++ Regen++}.
Tiamat hits the Hell Sentinel from afar with a +2 demon trident of flaming!!!
The Hell Sentinel gestures at you.
The sphere of damnation explodes!
The damnation engulfs your spectral efreet!!
Your spectral efreet is destroyed!
The damnation engulfs Tiamat!!!
The damnation engulfs your spectral Tzitzimitl!!!
The damnation engulfs the Hell Sentinel.
The Hell Sentinel completely resists.
Your spectral Tzitzimitl hits the Hell Sentinel!
Your spectral Tzitzimitl bites the Hell Sentinel.
You finish putting on the amulet of Vitality {RegenMP++ Regen++}.
The amulet of Vitality cannot attune itself to your injured body.
x - the amulet of Vitality (around neck) {RegenMP++ Regen++} Tiamat hits the Hell Sentinel from afar with a +2 demon trident of flaming!
The Hell Sentinel gestures at your spectral Tzitzimitl.
The sphere of damnation explodes!
The damnation engulfs your spectral Tzitzimitl!
The damnation engulfs the Hell Sentinel.
The Hell Sentinel completely resists.
Your spectral Tzitzimitl hits the Hell Sentinel.
Your spectral Tzitzimitl bites the Hell Sentinel but does no damage.
Reach: a) +9 demon trident (vamp)
Press: ? - help, Dir - move target, f - Hell Sentinel
Aim: a Hell Sentinel (severely wounded, not watching you, ally target, umbra, about 8% to evade your +9 vampiric demon trident)
You reach to attack!
You catch the helpless Hell Sentinel completely off-guard!
You hit the Hell Sentinel but do no damage.
The Hell Sentinel is severely wounded.
Tiamat hits the Hell Sentinel from afar with a +2 demon trident of flaming!
Unknown command.
Reach: a) +9 demon trident (vamp)
Press: ? - help, Dir - move target, f/p - Hell Sentinel
Aim: a Hell Sentinel (almost dead, not watching you, ally target, umbra, about 8% to evade your +9 vampiric demon trident)
You reach to attack!
You puncture the Hell Sentinel!
The Hell Sentinel is almost dead.
Your spectral Tzitzimitl hits the Hell Sentinel!
The Hell Sentinel dies!
With your torch unlit, their soul goes wasted...
There is a staircase leading out of the dungeon here.
You start resting.
Ijaujojo comes into view.
Unknown command.
Press: ? - help, v - describe, . - travel
Here: Tiamat the bound draconian, wielding a +2 demon trident of flaming and wearing the +4 dragonskin cloak (lightly damaged, friendly, umbra)
The floor.
Unknown command.
You have escaped!

############ ######..........##
#................##
#.................#
#ß.ß###ß.ß........###
#############.#####.#........#.#
#>....#.....#.#.#.#.#........#.#
............#.&.....#..........#
............#...@Z..#.....).##.#
............#....Z..#.......##.#
>...........#.#.#.#.##..###.##.##
............#.#####.###.##..#....
............#.# #.###....##....
............#.# #.#............
............#.#####.#...###......
#.....#.....#.).....#...##..##.#.
#########...#########.......##...


You could see Ijaujojo (ally target), a friendly spectral Tzitzimitl and the
friendly Tiamat the bound draconian.

Vanquished Creatures
  the Royal Jelly (Slime:5)
  3 dread liches
  2 orbs of fire
  3 ancient liches
  Vv (Crypt:1)
  2 Killer Klowns
  2 caustic shrikes (Depths:4)
  6 golden dragons
  A bone dragon (Abyss:4)
  A Tzitzimitl (D:1)
  A Brimstone Fiend (Zig:6)
  An electric golem (Zot:2)
  A hellephant (Abyss:4)
  A Hell Sentinel (D:15)
  The ghost of bignoob the Warrior, an adept DjCj of Makhleb (Spider:4)
  9 tentacled monstrosities
  7 liches
  5 titans
  14 Orb Guardians
  A quicksilver dragon (Zot:4)
  3 sphinxes
  A walking frostbound tome (Depths:2)
  2 Executioners
  4 ancient champions
  3 tentacled starspawn
  4 acid blobs
  5 tengu reavers
  Agnes (D:14)
  Gastronok (Lair:1)
  5 shadow dragons
  8 storm dragons
  The ghost of Esequ the Warrior, an adept FoHs of Jiyva (Shoals:1)
  A rockslime (Zig:4)
  4 draconian knights
  4 revenants
  A protean progenitor (Zot:2)
  7 frost giants
  6 iron dragons
  2 fire giants
  6 azure jellies
  A draconian monk (Zot:2)
  3 draconian shifters
  A quicksilver elemental (Zig:7)
  A shard shrike simulacrum (Crypt:2)
  5 draconian scorchers
  A ghost moth (Spider:1)
  12 vault wardens
  3 deep elf sorcerers
  A curse skull (Crypt:3)
  10 ironbound preservers
  2 draconian annihilators
  7 ghouls (Crypt:1)
  A reaper (Crypt:2)
  3 draconian stormcallers
  2 orc warlords
  A formless jellyfish (Vaults:2)
  11 very ugly things
  3 quicksilver oozes (Slime:5)
  An ophan (Abyss:4)
  8 stone giants
  5 vampire knights
  An ironbound thunderhulk (Vaults:3)
  4 deep elf death magi
  A deep elf demonologist (Vaults:5)
  3 green draconians
  2 white draconians
  3 black draconians
  A spectral titan (Crypt:3)
  2 minotaurs (Shoals:4)
  3 yellow draconians
  A halazid warlock (Desolation)
  4 red draconians
  9 purple draconians
  A dire elephant (Vaults:1)
  5 spark wasps
  3 eidola (Crypt:1)
  5 merfolk impalers
  A crystal guardian (Desolation)
  3 blizzard demons (WizLab)
  14 yaktaur captains
  A ragged hierophant (Desolation)
  6 fire dragons
  6 ettins
  An entropy weaver (shapeshifter) (Vaults:5)
  7 jiangshi
  A mummy priest (Zig:2)
  4 entropy weavers
  23 vault guards
  2 servants of whispers (Desolation)
  3 hydras
  A quicksilver dragon skeleton (Crypt:2)
  2 peacekeepers
  5 great orbs of eyes
  8 ironbound frosthearts
  A catoblepas (D:14)
  Erolcha (Orc:2)
  4 spriggan air magi
  A spriggan skeleton (Crypt:2)
  A rakshasa (D:7)
  2 merfolk avatars
  2 ogre magi
  2 radroaches (Spider:4)
  6 ice dragons
  An anaconda (Zot:4)
  A merfolk aquamancer (Shoals:4)
  A spectral stone giant (Crypt:3)
  4 ghost crabs (WizLab)
  8 boulder beetles
  A two-headed ogre (shapeshifter) (Vaults:5)
  6 two-headed ogres
  2 centaur warriors
  5 satyrs (Shoals:4)
  5 vampire magi
  5 deep troll earth magi
  4 jorogumos (Spider:1)
  2 hell hogs (Lair:5)
  A naga warrior (Abyss:4)
  5 death yaks (Lair:4)
  2 deep troll shamans
  3 tengu warriors (Depths:1)
  6 thrashing horrors
  6 demonic crawlers
  A spriggan berserker (Depths:1)
  3 hell knights
  3 orc high priests (Orc:2)
  4 sun demons
  A wretched star (Abyss:4)
  2 soul eaters
  5 iron trolls
  9 pharaoh ants
  8 shadow wraiths
  A spectral bunyip (Crypt:2)
  2 spriggan riders
  4 skeletal warriors
  2 skysharks
  Lodul (D:10)
  A shadow demon (Zot:1)
  3 death drakes
  22 deep trolls
  A deep troll (shapeshifter) (Depths:3)
  A swamp dragon (Zot:1)
  6 sea snakes
  3 glowing orange brains
  5 flayed ghosts
  A sun moth (Spider:1)
  3 orb spiders
  5 arcanists
  3 bog bodies
  6 ironbound convokers
  3 necromancers
  11 orc knights
  17 phantasmal warriors
  8 starcursed masses
  7 lindwurms
  7 harpies
  2 deep elf pyromancers (D:15)
  A spriggan simulacrum (Crypt:2)
  10 wolf spiders
  A spectral alligator (Crypt:2)
  A faun (Shoals:4)
  4 oklob plants
  7 steelbarb worms
  A spectral ettin (Crypt:2)
  A stone giant zombie (Crypt:2)
  2 tengu skeletons (Vaults:3)
  An orc sorcerer (Orc:2)
  A will-o-the-wisp (Abyss:3)
  A shining eye (Slime:2)
  A cyclops (D:15)
  6 manticores
  A salamander (Volcano)
  A moth of wrath (shapeshifter) (Vaults:1)
  17 ugly things
  14 moths of wrath
  3 merfolk sirens
  16 slime creatures
  6 black mambas
  12 large abominations
  2 guardian serpents (Desolation)
  7 meliai
  A meliai (shapeshifter) (Zig:8)
  2 rust devils
  A naga mage (Abyss:4)
  2 kobold blastminers (Orc:2)
  A stone giant skeleton (Vaults:3)
  5 water nymphs
  2 elephants (Lair:5)
  A guardian serpent (shapeshifter) (Vaults:5)
  5 cane toads
  Maggie (D:9)
  An ice statue (IceCv)
  2 molten gargoyles
  3 smoke demons
  8 vault sentinels
  A gargoyle (D:11)
  A death yak zombie (Crypt:2)
  A centaur skeleton (Crypt:2)
  4 torpor snails
  A human zombie (Vaults:1)
  An efreet (D:1)
  2 orange demons
  2 rime drakes
  16 yaktaurs
  Psyche (D:10)
  A tengu conjurer (Depths:1)
  4 komodo dragons
  A grey draconian skeleton (Crypt:1)
  A bunyip simulacrum (Crypt:2)
  2 iron troll zombies (Crypt:1)
  A guardian mummy (Zig:2)
  A red draconian skeleton (Crypt:3)
  2 freezing wraiths (Crypt:3)
  An ancient zyme (Abyss:4)
  8 merfolk
  3 trolls
  A spectral harpy (Crypt:2)
  3 hellwings
  7 tarantellas
  A harpy skeleton (Crypt:2)
  5 wind drakes
  2 polar bears (D:9)
  18 saltlings (Desolation)
  A glass eye (Depths:3)
  Prince Ribbit (D:5)
  4 raiju
  3 snapping turtles
  5 blink frogs
  A dream sheep (Shoals:3)
  9 culicivoras
  16 jumping spiders
  10 air elementals (WizLab)
  Sigmund (D:2)
  A fire dragon skeleton (Crypt:2)
  5 water elementals
  2 centaur simulacra (Crypt:2)
  An ettin skeleton (Zig:2)
  2 vampires
  2 shadows
  A fire elemental (Lair:5)
  Grum (D:8)
  11 wraiths
  6 wyverns
  33 yaks
  2 fire bats (Abyss:4)
  A basilisk (Lair:2)
  2 hogs (D:12)
  A neqoxec (Abyss:3)
  A steam dragon (Lair:5)
  A redback (shapeshifter) (Zig:10)
  17 redbacks
  3 vampire mosquitoes (D:12)
  2 nagas (Abyss:4)
  A harpy simulacrum (Crypt:2)
  A deep troll zombie (Crypt:1)
  A hydra simulacrum (Crypt:2)
  3 acid dragons
  A naga zombie (Crypt:2)
  A great orb of eyes simulacrum (IceCv)
  3 hell hounds (Lair:5)
  5 water moccasins
  A demonspawn skeleton (Crypt:3)
  A deep troll skeleton (Crypt:1)
  3 ice beasts
  A sky beast (D:6)
  An ettin simulacrum (Crypt:2)
  3 black bears
  34 orc warriors
  5 laughing skulls
  2 boggarts (D:15)
  11 ogres
  10 centaurs
  23 wolves
  A draconian zombie (Crypt:1)
  2 phantoms
  A komodo dragon zombie (Crypt:1)
  A brain worm (Abyss:4)
  4 gnoll sergeants
  4 kobold brigands
  2 slime creature simulacra (IceCv)
  A weeping skull (Crypt:3)
  9 bullfrogs
  A salamander skeleton (Crypt:2)
  4 scorpions
  A deep troll simulacrum (Crypt:1)
  A small abomination (Abyss:3)
  A yaktaur skeleton (Crypt:1)
  A naga simulacrum (Crypt:2)
  2 draconian skeletons
  4 wights (D:9)
  A polar bear zombie (Crypt:1)
  A spectral ogre (Orc:2)
  3 killer bees (D:10)
  A polar bear skeleton (Crypt:1)
  3 howler monkeys
  3 lava snakes (Lair:5)
  3 bombardier beetles
  2 hounds
  3 quasits
  3 jellies
  14 orc priests
  A gnoll bouda (D:3)
  2 sleepcaps
  19 orc wizards
  An iguana (D:4)
  11 spectral orcs (Orc:2)
  A shapeshifter simulacrum (IceCv)
  3 killer bee zombies (D:10)
  An ogre zombie (Orc:2)
  A crocodile skeleton (Crypt:1)
  A hound skeleton (Crypt:1)
  11 gnolls
  9 adders
  2 white imps
  A howler monkey simulacrum (D:9)
  5 ufetubi
  3 dart slugs
  2 ribbon worms
  62 orcs
  7 ball pythons
  5 endoplasms
  3 goblins
  3 hobgoblins
  A jackal (D:1)
  8 kobolds
  A quokka (D:1)
  3 bats
  A gnoll skeleton (Crypt:2)
  An orc zombie (Orc:2)
  A lurking horror (Abyss:3)
  4 starspawn tentacles (Abyss:4)
1351 creatures vanquished.

Vanquished Creatures (collateral kills)
  The ghost of blister the Conqueror, a legendary OnWr of Gozag (Zot:5)
  An orb of fire (Zot:5)
  An ancient lich (Zig:9)
  The ghost of Qagugalu the Impregnable, a veteran MiGl of Hepliaklqana (Crypt:2)
  6 Killer Klowns
  Boris (Depths:4)
  A caustic shrike (Depths:4)
  The ghost of Ites the Warrior, a veteran DsAl of Cheibriados (Vaults:4)
  Jory (Crypt:3)
  A bone dragon (Zot:1)
  6 golden dragons
  A Tzitzimitl (Zig:8)
  A Cloud Mage (WizLab)
  3 electric golems
  11 Orb Guardians (Zot:5)
  4 Hell Sentinels
  2 pandemonium lords
  2 liches
  2 titans
  2 tentacled monstrosities
  8 acid blobs (Slime:5)
  2 sphinxes
  10 death cobs
  5 quicksilver dragons
  Kirke (D:12)
  An ancient champion (Crypt:3)
  A tentacled starspawn (Abyss:4)
  5 storm dragons
  5 tengu reavers
  6 shadow dragons
  3 azure jellies
  5 rockslimes
  2 fire giants
  2 draconian monks
  3 draconian knights
  2 protean progenitors
  5 revenants
  2 imperial myrmidons (Desolation)
  2 quicksilver elementals (Zig:7)
  A frost giant (shapeshifter) (Zig:8)
  A deep elf sorcerer (Vaults:5)
  5 frost giants
  2 iron dragons (Vaults:5)
  An emperor scorpion (Spider:4)
  A spectral caustic shrike (Crypt:2)
  2 draconian shifters (Zot:4)
  2 balrugs
  A curse skull (Crypt:3)
  A spectral juggernaut (Crypt:3)
  A ghost moth (Spider:3)
  3 orc warlords
  2 draconian stormcallers (Zot:3)
  11 vault wardens
  A reaper (Zig:3)
  3 ghouls
  A demonspawn blood saint (Zig:6)
  7 ironbound thunderhulks
  4 quicksilver oozes
  3 draconian annihilators (Zot:4)
  5 very ugly things
  A stone giant (shapeshifter) (Zig:8)
  6 stone giants
  2 vampire knights (Crypt:2)
  2 formless jellyfish
  13 ironbound preservers
  A demonspawn black sun (Zig:6)
  2 yellow draconians (Zot:4)
  3 deep elf death magi
  8 green draconians
  5 red draconians
  5 purple draconians
  2 deep elf demonologists
  A war gargoyle (Zig:7)
  8 dire elephants
  The ghost of Qiar the Fighter, a journeyman DsGl of Cheibriados (Lair:4)
  A spark wasp (WizLab)
  3 black draconians
  4 white draconians
  5 eidola
  2 crystal guardians (Desolation)
  A blizzard demon (WizLab)
  5 merfolk impalers
  11 ettins
  4 jiangshi
  2 entropy weavers
  2 fire dragons (Zot:1)
  7 ragged hierophants (Desolation)
  A shambling mangrove (Abyss:4)
  A deep elf high priest (Vaults:5)
  6 yaktaur captains
  8 ice dragons
  10 vault guards
  3 great orbs of eyes
  2 merfolk avatars
  A rakshasa (Abyss:3)
  2 servants of whispers (Desolation)
  5 peacekeepers
  A spriggan air mage (Depths:3)
  7 ironbound frosthearts
  An ogre mage (D:15)
  2 centaur warriors (Shoals:1)
  2 anacondas (Zot:4)
  A radroach (Zig:8)
  7 boulder beetles
  A death knight (D:15)
  An alligator snapping turtle (Shoals:4)
  6 two-headed ogres
  8 satyrs
  4 deep troll shamans
  3 tengu warriors
  7 vampire magi
  A death yak (Lair:4)
  3 spriggan berserkers
  An orc high priest (Orc:2)
  2 deep troll earth magi
  4 demonic crawlers
  A spectral naga (Crypt:3)
  6 thrashing horrors
  13 hell knights
  Sonja (D:12)
  2 shock serpents (WizLab)
  Urug (Orc:2)
  A crystal echidna (Zig:7)
  4 iron trolls
  9 skeletal warriors
  A wretched star (Abyss:4)
  5 shadow wraiths
  6 sun demons
  A salamander mystic (D:15)
  A sixfirhy (D:1)
  4 skysharks
  4 pharaoh ants
  A spatial maelstrom (Abyss:3)
  32 deep trolls
  A glowing orange brain (Vaults:2)
  6 sea snakes
  5 flayed ghosts
  2 arcanists
  A sun moth (Spider:4)
  A spectral anaconda (Crypt:3)
  3 orb spiders
  A death drake (Abyss:4)
  9 ironbound convokers
  3 bog bodies (Crypt:1)
  A glowing orange brain (shapeshifter) (Zig:8)
  3 large abominations
  4 lindwurms
  14 phantasmal warriors
  13 harpies
  5 steelbarb worms
  A deep elf pyromancer (D:12)
  5 wolf spiders
  12 orc knights
  26 ugly things
  2 orc sorcerers (Orc:2)
  A shining eye (Slime:5)
  6 necromancers
  13 fauns
  2 shining eyes (shapeshifter) (Vaults:5)
  A cyclops (Shoals:3)
  3 meliai
  15 moths of wrath
  3 merfolk sirens
  13 vault sentinels
  A guardian serpent (Abyss:4)
  13 manticores
  A rust devil (Zig:6)
  2 kobold blastminers (Orc:1)
  An ice statue (IceCv)
  An eye of devastation (Slime:3)
  A molten gargoyle (Lair:5)
  2 apocalypse crabs
  3 elephants (Lair:5)
  A torpor snail (Spider:2)
  7 water nymphs
  2 cane toads
  2 orange demons
  A smoke demon (D:2)
  A gargoyle (D:12)
  2 efreet
  2 redback zombies
  16 yaktaurs
  A hellion (D:7)
  2 tormentors (Zig:7)
  A catoblepas zombie (Crypt:3)
  3 komodo dragons
  5 ancient zymes
  5 rime drakes
  A human skeleton (Vaults:1)
  2 freezing wraiths (Crypt:3)
  A great orb of eyes zombie (Crypt:2)
  4 trolls
  A glass eye (Depths:2)
  A hornet (Depths:4)
  A queen bee (shapeshifter) (Vaults:5)
  25 merfolk
  5 wind drakes
  2 glass eyes (shapeshifter)
  7 tarantellas
  8 snapping turtles
  A dream sheep (Shoals:3)
  20 saltlings (Desolation)
  A satyr zombie (Crypt:2)
  A black mamba (shapeshifter) (Vaults:5)
  2 raiju
  8 blink frogs
  7 jumping spiders
  An elf skeleton (Vaults:3)
  5 air elementals (WizLab)
  12 yaks
  2 small abominations (Abyss:4)
  29 slime creatures
  A spriggan (Depths:4)
  6 shadows
  A vampire (Abyss:3)
  4 culicivoras
  3 fire bats (Lair:5)
  8 wraiths
  2 wyverns (Lair:5)
  A ynoxinul (Abyss:3)
  A hog (D:12)
  6 water elementals
  7 starcursed masses
  5 basilisks
  A yaktaur simulacrum (Vaults:3)
  A hog (shapeshifter) (Vaults:5)
  A human (D:12)
  9 redbacks
  A vampire mosquito (D:12)
  A steam dragon (Lair:5)
  A redback (shapeshifter) (Depths:3)
  5 chaos spawn
  2 water moccasins
  A hell hound (Lair:5)
  A fire bat skeleton (Crypt:3)
  11 orc warriors
  6 great orb of eyes simulacra (IceCv)
  A black bear (Lair:1)
  A human zombie (Vaults:1)
  2 ogres
  A blink frog zombie (Crypt:2)
  6 laughing skulls
  A boggart (D:15)
  8 wolves
  A slime creature simulacrum (IceCv)
  8 weeping skulls (Crypt:3)
  A kobold brigand (D:7)
  A gnoll sergeant (D:11)
  A scorpion (Lair:3)
  2 bullfrogs (Lair:1)
  A glowing shapeshifter simulacrum (IceCv)
  A wight (D:9)
  A wyvern skeleton (Crypt:3)
  6 killer bees (D:10)
  3 electric eels
  2 lava snakes (Lair:5)
  An iron imp (Abyss:3)
  5 orc priests
  8 orc wizards (Orc:2)
  A sleepcap (D:6)
  A shapeshifter simulacrum (IceCv)
  A crocodile zombie (Crypt:3)
  A mummy (Zig:2)
  2 gnolls (D:11)
  An adder (D:2)
  An ufetubus (Abyss:3)
  23 orcs
  A frilled lizard (D:2)
  A jackal skeleton (Crypt:1)
  5 kobolds
  2 orc zombies
  A rat (D:2)
  2 river rat skeletons (Crypt:3)
  An aspiring flesh (Zig:8)
  A lurking horror (Abyss:4)
1069 creatures vanquished.

Vanquished Creatures (others)
  A caustic shrike (Depths:4)
  A spectral troll (Zot:1)
  An eldritch tentacle (Spider:4)
  A spectral tengu (Zig:10)
  A spectral tentacled monstrosity (Zot:2)
  A draconian scorcher (Zig:5)
  A ghost moth (Spider:4)
  2 Killer Klown zombies (Zot:5)
  A spectral golden dragon (Zot:2)
  A spectral elf (Crypt:1)
  2 very ugly thing zombies
  A quicksilver dragon zombie (Zot:1)
  2 spectral emperor scorpions
  A sphinx zombie (Vaults:5)
  An alligator snapping turtle (Shoals:3)
  An azure jelly zombie (Slime:5)
  An Orb Guardian zombie (Zot:5)
  2 spectral balrugs
  A titan zombie (Vaults:5)
  2 storm dragon zombies
  3 golden dragon zombies
  A spectral hydra (D:13)
  A spark wasp zombie (Spider:4)
  A ghost moth zombie (Spider:1)
  4 shadow dragon zombies
  An anaconda zombie (Zot:4)
  10 ugly thing zombies
  3 wolf spider zombies
  A fire giant zombie (Vaults:5)
  2 draconian zombies
  An iron dragon zombie (Vaults:5)
  A formless jellyfish zombie (Vaults:3)
  A spectral soul eater (Crypt:1)
  A gargoyle (D:13)
  A dire elephant zombie (Vaults:3)
  A spectral rakshasa (Abyss:3)
  A smoke demon (D:2)
  A red draconian zombie (Zot:4)
  2 green draconian zombies
  3 white draconian zombies
  3 steelbarb worm zombies
  A spectral sun demon (Abyss:4)
  A black draconian zombie (Depths:4)
  3 sea snake zombies
  A minotaur zombie (Shoals:4)
  4 purple draconian zombies
  A spriggan zombie (WizLab)
  2 redback zombies
  2 iron troll zombies
  An orb spider zombie (Spider:4)
  2 demonic crawler zombies
  9 harpy zombies
  A great orb of eyes zombie (Vaults:3)
  2 spectral entropy weavers
  A guardian serpent zombie (Desolation)
  3 boulder beetle zombies
  7 jumping spider zombies
  9 moth of wrath zombies
  3 tarantella zombies
  5 ettin zombies
  A fire dragon zombie (Zot:1)
  A tarantella (Spider:1)
  A culicivora zombie (Spider:4)
  2 satyr zombies (Shoals:4)
  6 meliai zombies
  A spectral black mamba (Lair:5)
  2 ice dragon zombies
  An air elemental (WizLab)
  2 black mamba zombies
  3 wind drake zombies
  3 spectral orange demons
  3 slime creature zombies
  A spectral rust devil (Zig:6)
  10 merfolk zombies
  3 fire bat zombies
  2 tengu zombies
  2 faun zombies (Shoals:4)
  19 deep troll zombies
  A two-headed ogre zombie (Vaults:3)
  A spectral smoke demon (D:2)
  A snapping turtle zombie (Shoals:4)
  A swamp dragon zombie (Zot:1)
  A spectral efreet (D:1)
  A blink frog zombie (Lair:5)
  4 elf zombies
  An elephant zombie (Lair:5)
  5 manticore zombies
  3 lindwurm zombies
  A spectral neqoxec (Abyss:3)
  54 human zombies
  10 yaktaur zombies
  A komodo dragon zombie (Lair:5)
  2 spectral chaos spawn
  A salamander zombie (Volcano)
  A cyclops zombie (D:15)
  3 water moccasin zombies
  3 hell hound zombies (Lair:5)
  3 wyvern zombies
  A raiju zombie (Abyss:4)
  7 yak zombies
  3 naga zombies (Abyss:4)
  A troll zombie (D:13)
  9 wolf zombies
  A basilisk zombie (Lair:5)
  A bullfrog zombie (Lair:3)
  2 centaur zombies
  A scorpion zombie (D:9)
  6 ogre zombies
  3 spectral quasits
  2 howler monkey zombies (D:13)
  3 lava snake zombies (Lair:5)
  47 orc zombies
  2 gnoll zombies (D:11)
  A bombardier beetle zombie (D:6)
  A dart slug zombie (D:2)
  2 kobold zombies
  3 spectral orcs
  2 spectral ufetubi (Abyss:3)
  3 ball lightnings (Zig:6)
  5 foxfires (Abyss:3)
  6 starspawn tentacles (Abyss:4)
399 creatures vanquished.

Grand Total: 2819 creatures vanquished

Notes
Turn   | Place    | Note
-------+----------+-------------------------------------------
     0 | D:1      | jagoly the Oni Fighter began the quest for the Orb.
     0 | D:1      | Reached XP level 1. HP: 24/24 MP: 1/1
   145 | D:1      | Reached XP level 2. HP: 32/32 MP: 2/2
   627 | D:2      | Reached XP level 3. HP: 12/39 MP: 3/3
   783 | D:2      | Noticed Sigmund
  1126 | D:3      | Reached XP level 4. HP: 46/48 MP: 4/4
  1170 | D:3      | Found a sparkling altar of Nemelex Xobeh.
  1205 | D:3      | Found Joxin's Magic Scroll Emporium.
  1214 | D:3      | Bought a scroll of identify for 20 gold pieces
  1214 | D:3      | Bought a scroll of teleportation for 30 gold pieces
  1232 | D:3      | Found a snail-covered altar of Cheibriados.
  1580 | D:3      | Reached XP level 5. HP: 45/54 MP: 5/5
  2552 | D:4      | Reached skill level 5 in Polearms
  2552 | D:4      | Reached XP level 6. HP: 62/62 MP: 6/6
  2798 | D:4      | Found an ornate altar of the Wu Jian Council.
  2954 | D:5      | Entered Level 5 of the Dungeon
  2962 | D:5      | Reached XP level 7. HP: 70/70 MP: 7/7
  3066 | D:5      | Noticed Prince Ribbit
  3080 | D:5      | Killed Prince Ribbit
  3244 | D:5      | Reached XP level 8. HP: 33/78 MP: 8/8
  3497 | D:5      | Found a shadowy altar of Dithmenos.
  3738 | D:6      | Found a staircase to the Ecumenical Temple.
  3759 | Temple   | Entered the Ecumenical Temple
  3780 | Temple   | Became a worshipper of Yredelemnul the Fallen
  4097 | D:6      | Reached skill level 10 in Polearms
  4293 | D:6      | Noticed a walking frostbound tome
  4294 | D:6      | Found Hoid's Book Shop.
  4295 | D:6      | Noticed a walking earthen tome
  4520 | D:7      | Reached skill level 5 in Fighting
  4520 | D:7      | Reached skill level 5 in Shields
  4520 | D:7      | Reached XP level 9. HP: 74/88 MP: 9/9
  4697 | D:3      | Bought a scroll of revelation for 75 gold pieces
  4697 | D:3      | Bought a scroll of immolation for 40 gold pieces
  4697 | D:3      | Bought a scroll of vulnerability for 40 gold pieces
  5396 | D:8      | Reached skill level 1 in Throwing
  5464 | D:8      | Noticed Grum
  5774 | D:8      | Killed Grum
  6017 | D:9      | Got the Spellbook of Red Quintessence
  6025 | D:9      | Noticed a troll
  6066 | D:9      | Reached * piety under Yredelemnul
  6174 | D:9      | Found a burning altar of Makhleb.
  6174 | D:9      | Found a glowing silver altar of Zin.
  6175 | D:9      | Noticed an angel
  6175 | D:9      | Noticed a blizzard demon
  6192 | D:9      | Reached XP level 10. HP: 101/104 MP: 10/10
  6258 | D:9      | Noticed Maggie
  6271 | D:9      | Killed Maggie
  6293 | D:9      | Noticed a two-headed ogre
  6305 | D:9      | Killed a two-headed ogre
  6387 | D:9      | Noticed a two-headed ogre
  6399 | D:9      | Killed a two-headed ogre
  6532 | D:9      | Identified the orb of Ypnoupn {mayhem, Dex+4 Stlth+}
  7350 | D:2      | Killed Sigmund
  7351 | D:2      | Reached skill level 10 in Fighting
  7539 | D:10     | Entered Level 10 of the Dungeon
  7560 | D:10     | Reached XP level 11. HP: 109/118 MP: 11/11
  7650 | D:10     | Reached ** piety under Yredelemnul
  7769 | D:10     | Found a staircase to the Orcish Mines.
  7770 | D:10     | Noticed Lodul
  7774 | D:10     | Killed Lodul
  7891 | D:10     | Noticed Psyche
  7897 | D:10     | Killed Psyche
  8062 | D:10     | Noticed a two-headed ogre
  8065 | D:10     | Killed a two-headed ogre
  8211 | D:11     | Reached *** piety under Yredelemnul
  8432 | D:11     | Identified a scroll of acquirement
  8644 | D:11     | Found a staircase to the Lair.
  8647 | D:11     | Noticed an oklob plant
  8661 | D:11     | Killed an oklob plant
  8719 | D:11     | Reached XP level 12. HP: 40/136 MP: 12/12
  9428 | Lair:1   | Entered Level 1 of the Lair of Beasts
  9565 | Lair:1   | Noticed Gastronok
  9577 | Lair:1   | Killed Gastronok
  9577 | Lair:1   | Reached **** piety under Yredelemnul
  9578 | Lair:1   | Reached skill level 5 in Dodging
  9653 | Lair:1   | Reached skill level 1 in Invocations
 10248 | Lair:2   | Acquired 556 gold pieces
 11401 | Lair:3   | Reached skill level 5 in Invocations
 11432 | Lair:3   | Reached skill level 10 in Shields
 11437 | Lair:3   | Reached ***** piety under Yredelemnul
 11492 | Lair:3   | Reached XP level 13. HP: 146/146 MP: 17/17
 11518 | Lair:3   | Reached skill level 1 in Evocations
 11777 | Lair:3   | Found a hole to the Spider Nest.
 12079 | Lair:3   | Found a staircase to the Shoals.
 12162 | Lair:4   | Found a dark tunnel.
 12192 | Volcano  | Entered a volcano
 12289 | Volcano  | Found a radiant altar of Vehumet.
 12296 | Volcano  | Noticed a red draconian
 12685 | Lair:4   | Reached skill level 10 in Invocations
 13043 | Lair:4   | Identified the +0 leather armour of the Onion {Str-2 Int+5}
 13196 | Lair:4   | Found a runed translucent door.
 13353 | Lair:4   | Noticed Qiar's ghost (journeyman DsGl)
 13377 | Lair:4   | Killed Qiar's ghost
 13435 | Lair:5   | Entered Level 5 of the Lair of Beasts
 13570 | Lair:5   | Found a staircase to the Slime Pits.
 13753 | Lair:5   | Reached XP level 14. HP: 55/157 MP: 21/21
 13840 | Lair:5   | Found a large runed translucent door.
 13840 | Lair:5   | Found a large runed translucent door.
 13944 | Lair:5   | Reached skill level 15 in Fighting
 14595 | Lair:5   | Reached skill level 5 in Throwing
 15164 | D:12     | Noticed Sonja
 15174 | D:12     | Killed Sonja
 15366 | D:12     | Noticed Kirke
 15376 | D:12     | Killed Kirke
 15586 | D:13     | Found a frozen archway.
 15598 | IceCv    | Entered an ice cave
 15696 | IceCv    | Noticed a quicksilver ooze
 15704 | IceCv    | Killed a quicksilver ooze
 15745 | IceCv    | Noticed a quicksilver ooze
 15750 | IceCv    | Killed a quicksilver ooze
 15759 | IceCv    | Found a viscous altar of Jiyva.
 15759 | IceCv    | Noticed an azure jelly
 15765 | IceCv    | Killed an azure jelly
 15767 | IceCv    | Noticed an azure jelly
 15773 | IceCv    | Killed an azure jelly
 15783 | IceCv    | Identified the +3 ring mail of Arinluiga {Rampage MP-9
                  | Int+5}
 15786 | IceCv    | Got the ring of Guipomm Giwa {rC+ Dex+3 Slay+2}
 16077 | D:13     | Reached XP level 15. HP: 170/170 MP: 21/23
 16091 | D:13     | Noticed a frost giant
 16091 | D:13     | Noticed a frost giant
 16092 | D:13     | Noticed a storm dragon
 16187 | Orc:1    | Entered Level 1 of the Orcish Mines
 16307 | Orc:2    | Entered Level 2 of the Orcish Mines
 16307 | Orc:2    | Noticed Saint Roka
 16307 | Orc:2    | Found a staircase to the Elven Halls.
 16315 | Orc:2    | Noticed Urug
 16321 | Orc:2    | Killed Saint Roka
 16321 | Orc:2    | Bound Saint Roka
 16327 | Orc:2    | Noticed Erolcha
 16331 | Orc:2    | Killed Urug
 16338 | Orc:2    | Killed Erolcha
 16465 | Orc:2    | Reached ****** piety under Yredelemnul
 16573 | Orc:2    | Found Zuor's Magic Scroll Boutique.
 16576 | Orc:2    | Bought a scroll of silence for 161 gold pieces
 16796 | Orc:2    | Noticed an orc warlord
 16827 | Orc:2    | Your ally Urug died
 16836 | Orc:2    | Killed an orc warlord
 16891 | Orc:2    | Your ally Erolcha died
 17088 | Orc:2    | Found Qofa's Antique Armour Shoppe.
 17089 | Orc:2    | Found Faqoih's Antique Weapon Emporium.
 17091 | Orc:2    | Found Noac's General Store.
 17091 | Orc:2    | Found Nuageiqo's Jewellery Shoppe.
 17324 | Orc:1    | Found Viwoacsy's Weapon Shop.
 17829 | Orc:2    | Bought a ring of willpower for 275 gold pieces
 18124 | D:13     | Killed a frost giant
 18135 | D:13     | Killed a frost giant
 18174 | D:13     | Killed a storm dragon
 18887 | D:14     | Found a shimmering altar of Xom.
 18906 | D:14     | Found a gate to the Vaults.
 19066 | D:14     | Noticed Agnes
 19072 | D:14     | Killed Agnes
 19294 | D:14     | Reached skill level 10 in Throwing
 19444 | D:15     | Entered Level 15 of the Dungeon
 19543 | D:15     | Reached XP level 16. HP: 113/185 MP: 25/25
 19666 | D:15     | Found a staircase to the Depths.
 20523 | Shoals:1 | Entered Level 1 of the Shoals
 20576 | Shoals:1 | Reached skill level 1 in Armour
 20798 | Shoals:1 | Found Entoim's Antique Armour Boutique.
 20806 | Shoals:1 | Bought a crude kite shield for 237 gold pieces
 20806 | Shoals:1 | Identified the +1 kite shield of Sunlight {Str+3} (You
                  | bought it in a shop on level 1 of the Shoals)
 20853 | Shoals:1 | Noticed Esequ's ghost (adept FoHs)
 20858 | Shoals:1 | Identified the +4 shortbow of Spite {flame, rC- Will++
                  | Str+2}
 20874 | Shoals:1 | Found a bloodstained altar of Trog.
 20946 | Shoals:1 | Found a transporter.
 20949 | Shoals:1 | Found a transporter.
 21167 | Shoals:2 | You fall into a shaft and drop 1 floor!
 21270 | Shoals:3 | Reached skill level 5 in Armour
 21976 | Shoals:4 | Entered Level 4 of the Shoals
 22265 | Shoals:2 | Reached XP level 17. HP: 131/198 MP: 26/26
 22817 | Shoals:4 | Noticed a sphinx
 22841 | Shoals:4 | Paralysed by a sphinx for 4 turns
 22842 | Shoals:4 | Killed a sphinx
 22992 | Shoals:4 | Noticed a sphinx
 23008 | Shoals:4 | Killed a sphinx
 23420 | Shoals:4 | Got a barnacled rune of Zot
 23706 | Vaults:1 | Entered Level 1 of the Vaults
 23790 | Vaults:1 | Reached XP level 18. HP: 89/210 MP: 28/28
 24280 | Vaults:1 | Reached skill level 10 in Dodging
 25121 | Vaults:2 | Found a crumbling gateway.
 25165 | Desolati | Entered the Desolation of Salt
 25314 | Desolati | Identified the ring "Xogez" {*Corrode rN+ Int+6 Dex+2
                  | Stlth+}
 25319 | Desolati | Identified the ring of Pall {rPois rC++ Str+4 Dex-3}
 25538 | Desolati | Reached skill level 10 in Armour
 25604 | Desolati | Identified the ring "Wucah" {rPois rF++ Dex+6}
 25645 | Desolati | Identified the ring of Xesyfon {rPois Slay+2 SInv}
 25649 | Desolati | Identified the +0 scale mail "Xick" {Will+ rCorr}
 25654 | Desolati | Identified the ring of the Hammering Priest {+Blink MP+9
                  | AC+4 Int+3 Slay-5}
 25751 | Desolati | Reached skill level 5 in Evocations
 25810 | Desolati | Identified the ring of Peace {rC+ Str+4 Int+6 Dex+5}
 25820 | Desolati | Identified the amulet "Bicwuel" {Spirit Stlth+}
 26016 | Vaults:2 | Reached XP level 19. HP: 93/221 MP: 29/29
 26222 | Vaults:2 | Found a staircase to the Crypt.
 26222 | Vaults:2 | Found an ancient bone altar of Kikubaaqudgha.
 26223 | Vaults:2 | Found a basalt altar of Yredelemnul.
 27541 | Vaults:3 | Paralysed by a formless jellyfish for 1 turns
 28412 | Vaults:3 | Reached XP level 20. HP: 106/236 MP: 30/30
 28799 | Vaults:3 | Your ally Saint Roka died
 29208 | Vaults:3 | Reached skill level 15 in Throwing
 31053 | Vaults:4 | Found a runed translucent door.
 31316 | Vaults:4 | Noticed Ites's ghost (veteran DsAl)
 31375 | Vaults:4 | Killed Ites's ghost
 31856 | Abyss:3  | Cast into level 3 of the Abyss (Esequ's ghost)
 31885 | Abyss:3  | Found a corrupted altar of Lugonu.
 31991 | Abyss:3  | Paralysed by accursed screaming for 1 turns
 32104 | Abyss:3  | Reached skill level 1 in Stealth
 32262 | Abyss:3  | Reached XP level 21. HP: 138/253 MP: 31/31
 32396 | Shoals:1 | Escaped the Abyss
 32402 | Shoals:1 | Killed Esequ's ghost
 32846 | D:3      | Bought a scroll of enchant weapon for 75 gold pieces
 33537 | Spider:1 | Entered Level 1 of the Spider Nest
 35272 | Spider:3 | Identified the ring of Koharec {rN++ AC+4 Int+5 Stlth+}
 35426 | Spider:4 | Entered Level 4 of the Spider Nest
 35911 | Spider:4 | Reached skill level 15 in Invocations
 36059 | Spider:4 | Got a gossamer rune of Zot
 36067 | Spider:4 | Got a milky-white gem with 24 turns to spare
 36090 | Spider:4 | Identified the scarf of an ossuary {rC+ rF+, rElec rN+}
 36090 | Spider:4 | Lost the milky-white gem through the power of Zot.
 36243 | Spider:4 | Found a runed translucent gate.
 36248 | Spider:4 | Found a runed translucent gate.
 36249 | Spider:4 | Found a runed translucent gate.
 36250 | Spider:4 | Noticed bignoob's ghost (adept DjCj)
 36308 | Spider:4 | Killed bignoob's ghost
 36684 | Lair:5   | Identified the staff "Obleoghe" {+Blink rF+ Stlth+ Conj}
 37174 | Crypt:1  | Entered Level 1 of the Crypt
 37220 | Crypt:1  | Reached XP level 22. HP: 220/262 MP: 34/34
 37820 | Crypt:1  | Noticed Vv
 37851 | Crypt:1  | Killed Vv
 38315 | Crypt:1  | Identified the +1 cloak of Youthful Indiscretion {rCorr
                  | Str+2}
 38700 | Crypt:1  | Found an ancient bone altar of Kikubaaqudgha.
 38818 | Crypt:2  | Noticed Sojobo
 38832 | Crypt:2  | Paralysed by an air elemental for 1 turns
 38834 | Crypt:2  | Killed Sojobo
 38834 | Crypt:2  | Bound Sojobo
 38990 | Crypt:2  | Paralysed by a vampire knight for 2 turns
 39204 | Crypt:2  | Found a runed translucent gate.
 39204 | Crypt:2  | Found a runed translucent gate.
 39204 | Crypt:2  | Found a runed translucent gate.
 39205 | Crypt:2  | Noticed Qagugalu's ghost (veteran MiGl)
 39376 | Crypt:2  | Noticed an ancient lich
 39381 | Crypt:2  | Killed an ancient lich
 39612 | Crypt:2  | Upgraded the game from 0.32-a0-522-g3863d58 to
                  | 0.32-a0-536-ge1f55a6
 39617 | Crypt:3  | Entered Level 3 of the Crypt
 39676 | Crypt:3  | Noticed Jory
 39692 | Crypt:3  | Killed Jory
 39903 | Crypt:3  | Found a staircase to the Tomb.
 40339 | Crypt:3  | Found an ancient bone altar of Kikubaaqudgha.
 40356 | Crypt:3  | Found the +3 crown of Dyrovepreva {rElec Int+2 SInv}
 40536 | Crypt:3  | Reached XP level 23. HP: 276/276 MP: 37/37
 41287 | Crypt:2  | Killed Qagugalu's ghost
 41510 | Depths:1 | Entered Level 1 of the Depths
 41563 | Depths:1 | Found Taaklibb's Antique Armour Boutique.
 41596 | Depths:1 | Found Xupsips's Antique Armour Boutique.
 41596 | Depths:1 | Found Lazatut's Book Shop.
 41599 | Depths:1 | Found Konetiz's Book Shop.
 41617 | Depths:1 | Learned a level 2 spell: Blink
 41681 | Depths:1 | Found a portal to a secret trove of treasure.
 41772 | Depths:1 | Found a magical portal.
 41786 | WizLab   | Entered The Chambers of the Cloud Mage
 41800 | WizLab   | Paralysed by an air elemental for 1 turns
 41806 | WizLab   | Paralysed by an air elemental for 1 turns
 41821 | WizLab   | Paralysed by an air elemental for 1 turns
 41935 | WizLab   | Paralysed by an air elemental for 1 turns
 41985 | WizLab   | Paralysed by an air elemental for 1 turns
 42023 | WizLab   | Paralysed by an air elemental for 1 turns
 42060 | WizLab   | Paralysed by an air elemental for 1 turns
 42063 | WizLab   | Paralysed by an air elemental for 1 turns
 42117 | WizLab   | Paralysed by an air elemental for 1 turns
 42250 | WizLab   | Identified the ring of the Sturgeon {Fly Will++ Int+2}
 42257 | WizLab   | Got Sif Muna's Parchment of Feathers
 42492 | Depths:1 | You paid a toll of 6 scrolls of fog to enter a treasure
                  | trove
 42493 | Trove    | Entered a treasure trove
 42496 | Trove    | Found the amulet of Vitality {RegenMP++ Regen++}
 42500 | Trove    | Identified the ring "Oloakh" {rPois MP+9 Int+2}
 42504 | Trove    | Identified the ring of the Gastropod {rPois rN+ Dex+3}
 42519 | Trove    | Identified the ring "Docikhloi" {rElec rC+ Dex+4 SInv}
 42524 | Trove    | Identified the ring of Ytin {rElec Will+ Stlth+}
 42526 | Trove    | Identified the ring of Zurrum {rPois Will+ MP+9 Str-4}
 42530 | Trove    | Identified the ring of Temptation {Fly rF+ Will- Str+4}
 42533 | Trove    | Identified the ring of Detawk {^Contam Fly rElec Int+5}
 42742 | Depths:1 | Found a one-way gate to the infinite horrors of the Abyss.
 43216 | Depths:1 | Found a gateway to Hell.
 43375 | Depths:2 | Found Huicac's Assorted Antiques.
 43434 | Depths:2 | Found Safejen's Antique Weapon Shop.
 43524 | Depths:2 | Acquired a manual of Fire Magic
 43658 | Depths:2 | Reached skill level 1 in Translocations
 43672 | Depths:2 | Reached XP level 24. HP: 289/289 MP: 37/37
 43790 | Depths:2 | Identified the +8 spear "Zomnymn" {heavy, rF+ Str-3 Int+3
                  | SInv}
 43832 | Depths:2 | Found a one-way gate leading to the halls of Pandemonium.
 43862 | Depths:2 | Found Tebaxaobb's Book Emporium.
 43883 | Depths:2 | Reached skill level 5 in Translocations
 43890 | Depths:2 | Bought a book of Cantrips for 288 gold pieces
 43892 | Depths:2 | Learned a level 1 spell: Apportation
 44020 | Depths:2 | Found Jimefax's Antique Armour Emporium.
 44206 | Depths:2 | Found a shimmering blue altar of Sif Muna.
 44270 | Depths:3 | Found a broken altar of Ashenzari.
 44296 | Depths:3 | Found a one-way gateway to a ziggurat.
 44934 | Depths:3 | Found Paolik's Distillery.
 45335 | Depths:4 | Entered Level 4 of the Depths
 45335 | Depths:4 | Found Haff's Book Shop.
 45357 | Depths:4 | Noticed a caustic shrike
 45358 | Depths:4 | Noticed a caustic shrike
 45359 | Depths:4 | Noticed a caustic shrike
 45360 | Depths:4 | Noticed a caustic shrike
 45374 | Depths:4 | Killed a caustic shrike
 45380 | Depths:4 | Identified the +3 robe of the Everdark {rN+}
 45380 | Depths:4 | Noticed Boris
 45561 | Depths:4 | Identified the ring "Agamn" {rN+ Will+++ Dex+6}
 45590 | Depths:4 | Found a gate to the Realm of Zot.
 45611 | Depths:4 | Identified the ring of Kipniol {rC+ Int+4}
 45692 | Depths:4 | Killed a caustic shrike
 45696 | Depths:4 | Killed a caustic shrike
 45702 | Depths:4 | Killed a caustic shrike
 45706 | Depths:4 | Killed Boris
 45830 | Depths:4 | Found Qookaipu's Jewellery Shoppe.
 45831 | Depths:4 | Found Isiaklir's Book Shop.
 46218 | Depths:3 | Bought a potion of invisibility for 168 gold pieces
 46218 | Depths:3 | Bought a potion of haste for 210 gold pieces
 46218 | Depths:3 | Bought a potion of ambrosia for 168 gold pieces
 46218 | Depths:3 | Bought a potion of curing for 63 gold pieces
 46218 | Depths:3 | Bought a potion of might for 84 gold pieces
 46218 | Depths:3 | Bought a potion of cancellation for 168 gold pieces
 46218 | Depths:3 | Bought a potion of might for 84 gold pieces
 46223 | Depths:3 | Learned a level 4 spell: Dimensional Bullseye
 46453 | Orc:2    | Bought a scroll of fog for 68 gold pieces
 46453 | Orc:2    | Bought a scroll of fear for 68 gold pieces
 46453 | Orc:2    | Bought a scroll of revelation for 127 gold pieces
 46453 | Orc:2    | Bought a scroll of revelation for 127 gold pieces
 46453 | Orc:2    | Bought a scroll of fog for 68 gold pieces
 46556 | Orc:2    | Bought a potion of ambrosia for 112 gold pieces
 46793 | Slime:1  | Entered Level 1 of the Pits of Slime
 46878 | Slime:5  | Entered Level 5 of the Pits of Slime
 46878 | Slime:5  | Found the +4 robe of Augmentation {Str+4 Int+4 Dex+4}
 46913 | Slime:5  | Noticed the Royal Jelly
 46934 | Slime:5  | Killed the Royal Jelly
 47009 | Slime:5  | Got a slimy rune of Zot
 47009 | Slime:5  | Got a starry gem with 406 turns to spare
 47031 | Slime:5  | Got the Compilation of the Geodesic and Energy
 47047 | Slime:5  | Identified the staff of Doom {rPois Int+4 Alchemy}
 47727 | Vaults:5 | Entered Level 5 of the Vaults
 47751 | Vaults:5 | Reached XP level 25. HP: 299/299 MP: 37/37
 47753 | Vaults:5 | Reached skill level 15 in Armour
 47755 | Vaults:5 | Reached skill level 15 in Dodging
 47755 | Vaults:5 | Reached skill level 15 in Shields
 47877 | Vaults:5 | Noticed an ancient lich
 47896 | Vaults:5 | Killed an ancient lich
 48332 | Vaults:5 | Identified the ring of Aniymisi {Ice ^Contam rElec Str+5
                  | Int+3}
 48505 | Vaults:5 | Identified the ring "Ackota Tias" {rF- Will+ Slay+2 SInv}
 48517 | Vaults:5 | Identified the +11 lajatang "Wikhid" {drain, rF++ Dex+2}
 48526 | Vaults:5 | Identified the +1 leather armour "Usoa" {rN+}
 48582 | Vaults:5 | Got a silver rune of Zot
 48646 | Vaults:5 | Identified the staff of Resumed Hostilities {rElec Will-
                  | Str+3 Int+2 Air Alchemy}
 48703 | Vaults:5 | Identified the staff of Equilibrium {rC- rCorr Conj Air}
 49066 | Vaults:5 | Got the Excursus on Scree and Carrion
 49123 | Vaults:5 | Identified the +1 ring mail of the Armadillo {rF+}
 49124 | Vaults:5 | Identified the +1 scale mail "Jelosa" {Regen+ Int+2}
 49612 | Depths:1 | Voluntarily entered the Abyss.
 49713 | Abyss:4  | Found a corrupted altar of Lugonu.
 49713 | Abyss:4  | Found a corrupted altar of Lugonu.
 49713 | Abyss:4  | Found a corrupted altar of Lugonu.
 49797 | Abyss:4  | Found a corrupted altar of Lugonu.
 49875 | Abyss:4  | Reached XP level 26. HP: 309/309 MP: 37/37
 49994 | Depths:1 | Escaped the Abyss
 50129 | Depths:1 | Voluntarily entered the Abyss.
 50140 | Abyss:4  | Got an abyssal rune of Zot
 50178 | Depths:1 | Escaped the Abyss
 50238 | Zig:1    | Entered Level 1 of a ziggurat
 50256 | Zig:2    | Entered Level 2 of a ziggurat
 50275 | Zig:2    | Identified the +6 triple crossbow of the Wheel {flame,
                  | rPois}
 50334 | Zig:3    | Entered Level 3 of a ziggurat
 50357 | Zig:4    | Entered Level 4 of a ziggurat
 50360 | Zig:4    | Found the +1 eveningstar "Brilliance" {foul flame, Umbra}
 50376 | Zig:4    | Identified the ring of Qihiak {rPois rN+ Dex+6 Stlth+}
 50382 | Zig:5    | Entered Level 5 of a ziggurat
 50445 | Zig:6    | Entered Level 6 of a ziggurat
 50450 | Zig:6    | Noticed Meunefi the pandemonium lord
 50468 | Zig:6    | Killed Meunefi the pandemonium lord
 50570 | Zig:7    | Entered Level 7 of a ziggurat
 50593 | Zig:7    | Identified the +0 scale mail of the Sun {Str+4 Dex+3
                  | Slay-5}
 50633 | Zig:8    | Entered Level 8 of a ziggurat
 50641 | Zig:8    | Noticed a Killer Klown
 50648 | Zig:8    | Killed a Killer Klown
 50749 | Zig:8    | Identified the +1 arbalest of Risk Management {antimagic,
                  | *Slow rElec rF+}
 50759 | Zig:8    | Identified the +5 hand axe "Mefew" {venom, ^Contam Will+
                  | Str+8}
 50763 | Zig:9    | Entered Level 9 of a ziggurat
 50772 | Zig:9    | Noticed an ancient lich
 50778 | Zig:9    | Killed an ancient lich
 50798 | Zig:9    | Identified the +0 scimitar "Dujie" {venom, Str+6 Int+3}
 50829 | Zig:9    | Reached XP level 27. HP: 318/318 MP: 38/38
 50832 | Zig:10   | Entered Level 10 of a ziggurat
 50841 | Zig:10   | Noticed a dread lich
 50866 | Zig:10   | Killed a dread lich
 50867 | Zig:10   | Your ally Sojobo died
 50889 | Zig:10   | Identified the staff "Ziusunnol" {Fly rPois rF- Str+7
                  | Alchemy}
 50891 | Zig:10   | Identified the +5 orcbow of Mana {antimagic, ^Drain rCorr
                  | Str+3}
 50953 | Zig:10   | Learned a level 4 spell: Manifold Assault
 51005 | Zot:1    | Entered Level 1 of the Realm of Zot
 51089 | Zot:1    | Noticed an orb of fire
 51093 | Zot:1    | Killed an orb of fire
 51336 | Zot:1    | You fall into a shaft and drop 1 floor!
 51660 | Zot:2    | Noticed Parghit
 51705 | Zot:2    | Killed Parghit
 51705 | Zot:2    | Bound Parghit
 52769 | Zot:1    | Found the +4 dragonskin cloak
 52769 | Zot:1    | Noticed Tiamat
 52786 | Zot:1    | Reached skill level 27 in Invocations
 52790 | Zot:1    | Your ally Parghit died
 52793 | Zot:1    | Killed Tiamat
 52793 | Zot:1    | Bound Tiamat
 53407 | Zot:3    | Reached skill level 27 in Fighting
 54400 | Zot:4    | Reached skill level 10 in Translocations
 55113 | Zot:5    | Entered Level 5 of the Realm of Zot
 55189 | Zot:5    | Found a runed translucent door.
 55189 | Zot:5    | Noticed blister's ghost (legendary OnWr)
 55203 | Zot:5    | Killed blister's ghost
 55208 | Zot:5    | Identified the ring of Xom's Attic {rN+ AC+4 Int-4 Slay+3}
 55670 | Zot:5    | Noticed an ancient lich
 55684 | Zot:5    | Killed an ancient lich
 55729 | Zot:5    | Noticed an orb of fire
 55747 | Zot:5    | Killed an orb of fire
 55787 | Zot:5    | Noticed a dread lich
 55797 | Zot:5    | Killed a dread lich
 55830 | Zot:5    | Noticed an orb of fire
 55834 | Zot:5    | Killed an orb of fire
 55874 | Zot:5    | Noticed a dread lich
 55879 | Zot:5    | Killed a dread lich
 55950 | Zot:5    | Got the Orb of Zot
 56373 | D:9      | Noticed Haasiyff the pandemonium lord
 56492 | D:5      | Noticed Yfrepsotu the pandemonium lord
 56520 | D:5      | Killed Yfrepsotu the pandemonium lord
 56736 | D:1      | Noticed Ijaujojo the pandemonium lord
 56738 | D:$      | Escaped with the Orb!

Illustrated notes

Levels and vault maps discovered:
D:1:      psy_arrival_basics, layout_rooms, serial_bayou_lagoon_a,
          minmay_misc_feat_room, minmay_split_cup_small
D:2:      layout_basic, uniq_sigmund
D:3:      layout_basic, mainiacjoe_overflow_catch_the_wave, serial_shops, shop
D:4:      layout_gridville, kennysheep_mini_moat
D:5:      layout_basic, nicolae_dithmenos_through_a_glass_darkly,
          nicolae_the_louvre, uniq_prince_ribbit1
D:6:      layout_loops_ring, minmay_temple_entry_overgrown, serial_shops,
          nicolae_shop_mannequins
D:7:      layout_rooms
D:8:      layout_basic, uniq_grum
D:9:      layout_rooms, grunt_temple_overflow_order_and_chaos_2, serial_ice,
          serial_ice_k, serial_ice_d, serial_ice_h, serial_ice_b, uniq_maggie
D:10:     layout_roguey, kennysheep_orc_monster_closet_entryway, uniq_psyche,
          uniq_lodul
D:11:     layout_layer_cave, dpeg_oklobed_lair, serial_glass, glass_columns_b,
          glass_columns_c
D:12:     layout_irregular_city, serial_glass, glass_columns_c, glass_columns_c,
          glass_columns_a, glass_columns_c, glass_columns_a, glass_columns_b,
          glass_columns_a, glass_columns_a, kennysheep_generic_room_10,
          uniq_kirke, uniq_sonja
D:13:     layout_long_grid, portal_ice_cave_rime, minmay_radiant
D:14:     layout_irregular_city, hellmonk_vaults_attempted_burglary,
          hangedman_decor_diamond_cutter, xom_teletrap_fun, uniq_agnes
D:15:     hangedman_depths_entry_try_elsewhere_first, layout_gridville
Temple:   nicolae_temple_superstar
Lair:1:   layout_long_grid, chequers_serial_rivers_room_b, grunt_megastairs_5,
          serial_bayou_shore_b, uniq_gastronok
Lair:2:   layout_layer_cave, minmay_stone_trees_large, lemuel_fruit_tree,
          serial_bayou_shore_b
Lair:3:   layout_cellular_growth, minmay_shoals_entry_lonely_mermaid,
          nicolae_spider_entry_lesser_pyramids
Lair:4:   layout_long_grid, ebering_ghost_reflecting_pool,
          nicolae_volcano_entry_lava_flow, nicolae_quartered_pool_super,
          serial_bayou_shore_b
Lair:5:   cheibrodos_lair_end_hotspot, layout_gridlike,
          minmay_slime_entry_oklob_open
Shoals:1: layout_shoals, gammafunk_ghost_wrathful_warriors, serial_shops, shop
Shoals:2: layout_shoals, nicolae_shoals_sun_and_surf
Shoals:3: layout_shoals
Shoals:4: shoals_end_hellmonk_lost_city
Spider:1: nicolae_spider_obnoxious_hallway, nicolae_spider_shape
Spider:2: layout_spider_delve
Spider:3: layout_spider_delve, hangedman_spider_tarantella_strand
Spider:4: hellmonk_spider_rune_bug_friends, ebering_ghost_rock_garden
Slime:1:  layout_caves
Slime:2:  layout_caves
Slime:3:  layout_caves, nicolae_slime_phagocytosis
Slime:4:  layout_caves, cheibrodos_slime_lost_civilization_4
Slime:5:  slime_pit_nicolae_jellycorners
Orc:1:    nicolae_orc_accident_1, layout_caves, serial_shops,
          nicolae_shop_statue_plus
Orc:2:    st_orc_congregation, layout_caves, serial_shops,
          nicolae_shop_rolled_up, regret_index_minedec_guest_junction,
          uniq_erolcha, uniq_urug, uniq_saint_roka
Vaults:1: v_pattern_1, nicolae_vaults_steering_wheel,
          nicolae_vaults_double_plus_2, hangedman_vaults_nails,
          nicolae_vaults_an_arrangement, hangedman_vaults_capsules,
          vaults_dpeg_cross, nicolae_vaults_heart-shaped_vault,
          vaults_mumra_chevron, ontoclasm_vaults_gateway,
          nicolae_vaults_trapezoid_4, hangedman_vaults_pinch,
          layout_vaults_omnibox
Vaults:2: portal_desolation_entry_twin_temple, nicolae_vaults_ellipses_ellipsis,
          nicolae_vaults_diamond_2, minmay_crypt_entry_necro_gods,
          ontoclasm_vaults_misaligned, hangedman_vaults_trim,
          nicolae_vaults_circle_grid_a, nicolae_vaults_closet_pinwheel_6,
          nicolae_vaults_network_s, nicolae_vaults_border_crossing,
          ontoclasm_vaults_twist, ontoclasm_vaults_loading_screen,
          nicolae_vaults_diagonal_hallway_7, layout_vaults_ring
Vaults:3: v_alt_pattern_5, nicolae_vaults_good_morning_starshine,
          ontoclasm_vaults_decontamination, nicolae_vaults_theta,
          nicolae_vaults_mini_display_case, nicolae_vaults_cochlea,
          nicolae_vaults_door_testing_chamber, hangedman_vaults_unwind,
          grunt_vaults_swirl, hangedman_vaults_nails, vaults_dpeg_hooks,
          layout_vaults_maze_bifur
Vaults:4: ebering_ghost_reflecting_pool, v_misc_25, v_misc_24,
          nicolae_vaults_network_barrier, nicolae_vaults_double_plus_1,
          nicolae_vaults_double_plus_3, hangedman_vaults_trim, v_misc_10,
          nicolae_vaults_house_3, vaults_mumra_minichess_inversion,
          vaults_room_door_hall, layout_vaults_chaotic_city
Vaults:5
Crypt:1:  layout_gridlike, skrybe_necro_troll_1, grunt_megastairs_2,
          grunt_crypt_arrival_webbed, lemuel_upstairs_altar, uniq_vv
Crypt:2:  layout_gridlike, gammafunk_ghost_necromancy, weyrava_lich_vault,
          uniq_sojobo
Crypt:3:  church_of_pain_bobbens, layout_chaotic_city, uniq_jory
Depths:1: layout_gridlike, infiniplex_enter_wizlab_water,
          trove_entry_hex_spiral, abyss_entry, grunt_hell_entry_dis_mu,
          minmay_splitting_lines, kb_rosetta, minmay_shoptagon
Depths:2: minmay_the_grid_square_5x5_3x3 [minmay_the_grid_square_5x5_plus,
          minmay_the_grid_square_5x5_percent,
          minmay_the_grid_square_5x5_shuriken,
          minmay_the_grid_square_5x5_six_small,
          minmay_the_grid_square_5x5_megaprize_open,
          minmay_the_grid_square_5x5_z, minmay_the_grid_square_5x5_bite,
          minmay_the_grid_square_5x5_two_walls_b,
          minmay_the_grid_square_5x5_empty], layout_cave_shapes, pf_coc_iceberg,
          rand_demon_pan_entry_1, serial_shops, shop, shop,
          nicolae_shop_behind_doors, shop, led_sif_pool
Depths:3: minmay_shrinking_squares, layout_gridlike, enter_ziggurat_d,
          abyss_entry, serial_rivers, chequers_serial_rivers_large_b,
          chequers_serial_rivers_micro_b, chequers_serial_rivers_micro_a,
          chequers_serial_rivers_room_b, serial_shops, shop,
          nicolae_ashenzari_skybound, hell_entry
Depths:4: evilmike_zot_entry_basic, layout_cave_pools, hell_entry, abyss_entry,
          serial_library_hellmonk_big_corner, minmay_shop_grove, uniq_boris
Zot:1:    layout_concentric_octagons, st_grand_hoard_of_tiamat
Zot:2:    layout_gridlike, lemuel_elevator, regret_index_zotdec_twisting_globes,
          uniq_parghit
Zot:3:    layout_misc_corridors, regret_index_zotdec_under_construction,
          nicolae_lava_and_water, st_stairs_7, regret_index_zotdec_bone_old
Zot:4:    layout_onion_interference, st_stairs_3, guppyfry_library_mini
Zot:5:    layout_gridlike, ebering_ghost_inner_flame

Skill      XL: |  1  2  3  4  5  6  7  8  9 10 11 12 13 14 15 16 17 18 19 20 21 22 23 24 25 26 27 |
---------------+----------------------------------------------------------------------------------+-----
Dodging        | 3 5 7 8 10 12 14 15 16 | 16.0
Shields        | 3 4 5 6 8 10 12 14 15 16 | 16.0
Polearms       | 3 4 5 6 8 10 11 12 14 | 14.0
Fighting       | 5 8 10 13 14 16 18 19 20 22 24 25 26 27 | 27.0
Throwing       | 2 8 10 12 13 16 20 22 | 22.5
Invocations    | 6 10 12 14 16 20 23 27 | 27.0
Evocations     | 2 4 5 8 |  8.0
Armour         | 6 10 12 14 15 16 | 16.0
Stealth        | 2 |  2.0
Translocations | 1 8 10 | 10.0

Action                     |  1- 3 |  4- 6 |  7- 9 | 10-12 | 13-15 | 16-18 | 19-21 | 22-24 | 25-27 || total
---------------------------+-------+-------+-------+-------+-------+-------+-------+-------+-------++-------
  Melee: Trident           |    93 |   112 |   352 |   442 |   753 |   724 |   934 |       |       ||  3410
         Headbutt          |     9 |    15 |    59 |   107 |   167 |   130 |   363 |   337 |   299 ||  1486
         Unarmed           |       |       |       |       |       |       |     7 |       |       ||     7
         Demon trident     |       |       |       |       |       |       |   479 |  1231 |  1169 ||  2879
  Throw: Stone             |     2 |     7 |     8 |       |     2 |       |       |       |       ||    19
         Large rock        |       |     1 |     4 |     4 |       |       |     3 |     2 |    67 ||    81
         Dart              |       |       |     6 |    23 |    12 |       |     2 |       |       ||    43
         Throwing net      |       |       |     1 |       |       |       |       |     2 |     3 ||     6
         Boomerang         |       |       |       |       |    10 |    19 |    13 |    26 |    16 ||    84
         Javelin           |       |       |       |       |       |     8 |     3 |    14 |    53 ||    78
   Cast: Apportation       |       |       |       |       |       |       |       |    31 |    28 ||    59
         Blink             |       |       |       |       |       |       |       |     1 |     2 ||     3
 Invoke: Light the Black T |       |       |     4 |     6 |    10 |     6 |     6 |    11 |    14 ||    57
         Recall Undead Har |       |       |       |     2 |     6 |     8 |    19 |    11 |    18 ||    64
         Hurl Torchlight   |       |       |       |       |     2 |     1 |       |       |     6 ||     9
         Bind Soul         |       |       |       |       |     2 |       |     7 |     2 |     4 ||    15
         Fathomless Shackl |       |       |       |       |       |     2 |     3 |       |     3 ||     8
  Evoke: Wand              |       |       |       |       |     5 |     4 |     1 |     1 |     1 ||    12
         Box of beasts     |       |       |       |       |       |     1 |     1 |     1 |       ||     3
         Lightning rod     |       |       |       |       |       |       |       |     2 |       ||     2
         Phantom mirror    |       |       |       |       |       |       |       |       |     1 ||     1
    Use: Scroll            |       |     3 |     5 |     6 |    18 |     4 |    20 |    13 |    16 ||    85
         Potion            |       |     1 |     2 |       |     6 |     7 |       |     5 |    17 ||    38
   Stab: Distracted        |       |       |     2 |     7 |    20 |    30 |    46 |    30 |    41 ||   176
         Sleeping          |       |       |     1 |       |       |     3 |    12 |     5 |       ||    21
         Paralysed         |       |       |       |       |       |       |       |    75 |    23 ||    98
         Held in net/web   |       |       |       |       |       |       |       |     7 |       ||     7
 Armour: Robe              |    39 |    48 |   235 |       |       |       |       |       |       ||   322
         Acid dragon scale |       |       |       |   232 |   295 |   255 |   458 |   211 |       ||  1451
         Skin              |       |       |       |       |       |       |     1 |       |       ||     1
         Pearl dragon scal |       |       |       |       |       |       |       |   330 |   464 ||   794
  Dodge: Dodged            |    27 |    28 |   116 |   123 |   245 |   219 |   402 |   275 |   222 ||  1657
         Repelled          |     1 |       |       |     3 |     5 |     9 |     9 |    43 |    82 ||   152
  Block: Kite shield       |    29 |    29 |   145 |   184 |   300 |   291 |   648 |   490 |   419 ||  2535

Table legend: (Time is in decaauts)
 A = Elapsed time spent in this place.
 B = Non-inter-level travel time spent in this place.
 C = Inter-level travel time spent in this place.
 D = Time resting spent in this place.
 E = Time spent auto-exploring this place.
 F = Levels seen in this place.
 G = Mean time per level.
                   A        B        C        D        E       F      G
               +--------+--------+--------+--------+--------+-----+--------+
         Total |  54603 |  46928 |   7675 |   2738 |  29638 |  72 |  758.4 |
       Dungeon |  14362 |  11757 |   2605 |    639 |   8122 |  15 |  957.5 |
        Temple |     44 |     21 |     23 |     11 |      0 |   1 |   44.0 |
          Lair |   6399 |   5072 |   1327 |    398 |   3349 |   5 | 1279.8 |
        Shoals |   3083 |   2841 |    242 |    109 |   1801 |   4 |  770.8 |
   Spider Nest |   2800 |   2665 |    135 |    117 |   1733 |   4 |  700.0 |
    Slime Pits |    340 |    298 |     42 |      0 |      0 |   5 |   68.0 |
  Orcish Mines |   1917 |   1326 |    591 |      0 |    986 |   2 |  958.5 |
        Vaults |   8999 |   7910 |   1089 |    602 |   4985 |   5 | 1799.8 |
         Crypt |   4144 |   3550 |    594 |     68 |   2447 |   3 | 1381.3 |
        Depths |   4281 |   3585 |    696 |    340 |   2256 |   4 | 1070.2 |
           Zot |   4828 |   4499 |    329 |     25 |   3147 |   5 |  965.6 |
         Abyss |    840 |    840 |      0 |     88 |      0 |   4 |  210.0 |
      Ziggurat |    692 |    692 |      0 |    150 |    228 |  10 |   69.2 |
         Trove |     51 |     51 |      0 |      0 |     19 |   1 |   51.0 |
      Ice Cave |    346 |    346 |      0 |      0 |     82 |   1 |  346.0 |
       Volcano |    170 |    170 |      0 |     49 |      0 |   1 |  170.0 |
        Wizlab |    575 |    575 |      0 |     83 |    237 |   1 |  575.0 |
    Desolation |    722 |    722 |      0 |     59 |    245 |   1 |  722.0 |
               +--------+--------+--------+--------+--------+-----+--------+

Top non-repeatable levels by time:
Vaults:3: 2454 daAuts
Vaults:2: 1857 daAuts
 Crypt:1: 1765 daAuts
Vaults:4: 1742 daAuts
  Lair:5: 1666 daAuts
    D:11: 1533 daAuts
Vaults:5: 1513 daAuts
Vaults:1: 1432 daAuts
Depths:1: 1376 daAuts
Depths:3: 1329 daAuts
 Crypt:3: 1309 daAuts
   Zot:1: 1305 daAuts
   Orc:2: 1273 daAuts
     D:3: 1264 daAuts
  Lair:3: 1242 daAuts
